 Dungeon Crawl Stone Soup version 0.24-a0-264-gf46a388040 (webtiles) character file.

Game seed: 13700385500827838751

1535598 Flugkiller the Slayer (level 26, 222/222 HPs)
             Began as a Demonspawn Chaos Knight on Apr 19, 2019.
             Was a Favourite Plaything of Xom.
             Escaped with the Orb
             ... and 3 runes on Apr 20, 2019!
             The game lasted 04:38:29 (83509 turns).

Flugkiller the Slayer (Demonspawn Chaos Knight)    Turns: 83509, Time: 04:38:30

Health: 222/222    AC: 38    Str: 17    XL:     26   Next: 51%
Magic:  36/36      EV: 17    Int: 27    God:    Xom [......]
Gold:   2338       SH:  8    Dex: 19    Spells: 3/41 levels left

rFire    + + +     SeeInvis .   b - +9 battleaxe of Evigal {chop, Dex+6}
rCold    + + .     Gourm    .   (shield currently unavailable)
rNeg     + + .     Faith    .   d - +8 fire dragon scales
rPois    +         Spirit   .   (helmet unavailable)
rElec    +         Reflect  .   Y - +2 cloak {+Inv}
rCorr    .         Harm     .   s - +0 pair of gloves of Autotheism {rF+ Int+6}
MR       +++++     Clarity  +   t - +2 pair of boots
Stlth    +.........             X - amulet of the Four Winds {rN+ MR+++ Clar}
HPRegen  0.47/turn              H - ring "Gum Zaemuo" {rPois rF+ rC+ rN+ MR+}
MPRegen  0.25/turn              Z - +6 ring of protection

@: hasted, very quick
A: beak, claws 1, horns 3, large bone plates 3, camouflage 1, cold resistance 2,
demonic guardian 3, fire resistance 2, hurl damnation, foul stench 2, magic
resistance 2, electricity resistance, rot immunity, flame cloud immunity
0: Orb of Zot
}: 3/15 runes: barnacled, silver, gossamer
a: Hurl Damnation, Renounce Religion, Evoke Invisibility


You escaped.
You worshipped Xom.
You were a very special plaything of Xom.
You were not hungry.

You visited 9 branches of the dungeon, and saw 49 of its levels.
You also visited: Ossuary and Wizlab.

You collected 10053 gold pieces.
You spent 7715 gold pieces at shops.

Inventory:

Hand Weapons
 a - the +11 spear of Honiyn {flame, -Tele rC+ Str+5}
   (You took it off a spriggan on level 2 of the Lair of Beasts)

   It has been specially enchanted to burn those struck by it, causing extra
   injury to most foes and up to half again as much damage against particularly
   susceptible opponents.
   It affects your strength (+5).
   It protects you from cold.
   It prevents most forms of teleportation.
 b - the +9 battleaxe of Evigal (weapon) {chop, Dex+6}
   (You bought it in a shop on level 4 of the Vaults)

   It inflicts extra damage upon your enemies.
   It affects your dexterity (+6).
 E - a +9 vampiric battleaxe
   (You took it off a deep elf sorcerer on level 3 of the Elven Halls)
Missiles
 F - 9 throwing nets (quivered)
Armour
 d - +8 fire dragon scales (worn)
   (You found it on level 6 of the Lair of Beasts)
 s - the +0 pair of gloves of Autotheism (worn) {rF+ Int+6}
   (You bought it in a shop on level 2 of the Elven Halls)

   It affects your intelligence (+6).
   It protects you from fire.
 t - a +2 pair of boots (worn)
   (You found it on level 4 of the Lair of Beasts)
 Y - a +2 cloak of invisibility (worn)
   (You took it off Nikola on level 1 of the Vaults)
Jewellery
 o - an uncursed ring of wizardry
   (You found it on level 4 of the Spider Nest)
 H - the ring "Gum Zaemuo" (left hand) {rPois rF+ rC+ rN+ MR+}
   (You bought it in a shop on level 4 of the Depths)

   [ring of protection from magic]

   It protects you from fire.
   It protects you from cold.
   It protects you from poison.
   It protects you from negative energy.
   It affects your resistance to hostile enchantments.
 O - the necklace of Bloodlust {*Rage +Rage MR++ Int-3 Slay+6 *Curse}
   (You took it off a yaktaur captain on level 5 of the Vaults)

   [amulet of rage]

   It affects your intelligence (-3).
   It affects your accuracy and damage with ranged weapons and melee attacks
   (+6).
   It affects your resistance to hostile enchantments.
   It lets you go berserk.
   It may make you go berserk in combat.
   It curses itself when equipped.
 T - the ring "Lerowk" {rC+ MR+ AC+1}
   (Xom gifted it to you on level 9 of the Dungeon)

   [ring of protection]

   It affects your AC (+1).
   It protects you from cold.
   It affects your resistance to hostile enchantments.
 X - the amulet of the Four Winds (around neck) {rN+ MR+++ Clar}
   (You found it on level 5 of the Vaults)

   [amulet of nothing]

   It protects you from negative energy.
   It affects your resistance to hostile enchantments.
   It protects you against confusion.
 Z - a +6 ring of protection (right hand)
   (You found it on level 11 of the Dungeon)
Wands
 m - a wand of digging (4)
   (You found it on level 11 of the Dungeon)
 n - a wand of iceblast (34)
   (You took it off Maurice on level 12 of the Dungeon)
 v - a wand of disintegration (31)
   (You found it on level 13 of the Dungeon)
 w - a wand of clouds (11)
   (You found it on level 6 of the Lair of Beasts)
 y - a wand of enslavement (32)
   (You found it on level 2 of the Spider Nest)
 G - a wand of acid (19)
   (You bought it in a shop on level 2 of the Shoals)
 K - a wand of paralysis (38)
   (You found it on level 8 of the Dungeon)
Scrolls
 h - 8 scrolls of enchant armour
 j - 20 scrolls of teleportation
 r - 8 scrolls of fear
 u - 21 scrolls of remove curse
 x - 20 scrolls of identify
 D - 5 scrolls of blinking
 I - a scroll of summoning
 L - 7 scrolls of immolation
 M - 2 scrolls of vulnerability
 P - 7 scrolls of magic mapping
 V - 9 scrolls of fog
Potions
 f - 19 potions of curing
 g - 3 potions of haste
 i - 9 potions of brilliance
 k - 8 potions of agility
 l - 10 potions of ambrosia
 q - 6 potions of berserk rage
 z - 3 potions of resistance
 B - 6 potions of mutation
 C - 4 potions of heal wounds
 J - 4 potions of cancellation
 Q - 2 potions of invisibility
 U - 6 potions of magic
 W - 5 potions of might
Miscellaneous
 p - 2 boxes of beasts
 A - 4 sacks of spiders
 N - a lightning rod (4/4)
   (Xom gifted it to you on level 8 of the Dungeon)
 R - a phial of floods
   (You found it on level 9 of the Dungeon)
 S - 2 phantom mirrors
Comestibles
 c - 50 rations


   Skills:
 - Level 21.0 Fighting
 - Level 19.8(20.0) Axes
   Level 4.5(14.1) Maces & Flails
 - Level 18.2 Armour
 - Level 11.0 Dodging
 - Level 8.0 Spellcasting
 - Level 8.0 Hexes
 - Level 9.0 Charms
 - Level 19.0 Summonings
 - Level 4.1 Necromancy
 - Level 7.0 Air Magic
 + Level 19.1 Evocations


You had 3 spell levels left.
You knew the following spells:

 Your Spells              Type           Power        Failure   Level  Hunger
a - Animate Skeleton      Necr           N/A          2%          1    None
b - Regeneration          Chrm/Necr      #####.....   2%          3    None
c - Spectral Weapon       Hex/Chrm       ######..     1%          3    None
d - Shroud of Golubria    Chrm/Tloc      #####.....   3%          2    None
e - Summon Mana Viper     Hex/Summ       ######..     1%          5    ####...
f - Deflect Missiles      Chrm/Air       ######....   58%         6    ######.
g - Aura of Abjuration    Summ           #######...   1%          5    ####...
h - Shadow Creatures      Summ           N/A          1%          6    ######.
i - Summon Hydra          Summ           #######...   4%          7    #######

Your spell library contained the following spells:

 Spells                   Type           Power        Failure   Level  Hunger
 Summon Butterflies       Summ           #######.     0%          1    None
 Call Imp                 Summ           #######.     0%          2    None
 Call Canine Familiar     Summ           #######.     0%          3    None
 Confusing Touch          Hex            ######       1%          1    None
 Corona                   Hex            ######.      1%          1    None
 Infusion                 Chrm           ####         1%          1    None
 Slow                     Hex            ######..     1%          2    None
 Song of Slaying          Chrm           ######..     1%          2    None
 Confuse                  Hex            ######..     1%          3    None
 Recall                   Summ/Tloc      N/A          1%          3    None
 Summon Guardian Golem    Hex/Summ       ######..     1%          3    None
 Tukima's Dance           Hex            ######..     1%          3    None
 Pain                     Necr           ####         2%          1    None
 Corpse Rot               Necr           N/A          3%          2    None
 Ensorcelled Hibernation  Hex/Ice        ####..       3%          2    None
 Ozocubu's Armour         Chrm/Ice       #####...     6%          3    None
 Dazzling Spray           Conj/Hex       ####..       8%          3    None
 Inner Flame              Hex/Fire       ####....     8%          3    None
 Portal Projectile        Hex/Tloc       ####..       8%          3    None
 Vampiric Draining        Necr           ####......   8%          3    None
 Static Discharge         Conj/Air       ####....     10%         3    None
 Apportation              Tloc           ##....       13%         1    None
 Flame Tongue             Conj/Fire      ##...        13%         1    None
 Freeze                   Ice            ##..         13%         1    None
 Magic Dart               Conj           ##..         13%         1    None
 Mephitic Cloud           Conj/Pois/Air  ###.....     16%         3    None
 Blink                    Tloc           N/A          21%         2    None
 Throw Flame              Conj/Fire      ##....       21%         2    None
 Conjure Flame            Conj/Fire      ##......     36%         3    None
 Gell's Gravitas          Tloc           ##........   36%         3    None
 Ignite Poison            Fire/Tmut/Pois ##......     36%         3    None
 Stone Arrow              Conj/Erth      ##....       36%         3    None
 Teleport Other           Tloc           ##......     36%         3    None
 Summon Demon             Summ           #######...   1%          5    ####...
 Summon Ice Beast         Ice/Summ       ######..     2%          4    ##.....
 Cause Fear               Hex            ######....   4%          4    ##.....
 Monstrous Menagerie      Summ           #######...   4%          7    #######
 Summon Greater Demon     Summ           #######...   4%          7    #######
 Summon Forest            Summ/Tloc      ######....   8%          5    ####...
 Silence                  Hex/Air        ######....   17%         5    ####...
 Animate Dead             Necr           N/A          24%         4    ##.....
 Leda's Liquefaction      Hex/Erth       ####......   26%         4    ##.....
 Summon Horrible Things   Summ           #######...   34%         8    #######
 Iskenderun's Battlesphe  Conj/Chrm      #####...     50%         5    ####...
 Metabolic Englaciation   Hex/Ice        ####......   56%         5    ####...
 Yara's Violent Unravell  Hex/Tmut       ####......   56%         5    ####...
 Darkness                 Hex            ######....   58%         6    ######.
 Lightning Bolt           Conj/Air       ####......   65%         5    ####...
 Haunt                    Necr/Summ      ######....   67%         7    #######
 Force Lance              Conj/Tloc      ##......     78%         4    ##.....
 Iskenderun's Mystic Bla  Conj           ##......     78%         4    ##.....
 Petrify                  Tmut/Erth      ##......     78%         4    ##.....
 Sticky Flame             Conj/Fire      ##......     78%         4    ##.....
 Borgnjor's Vile Clutch   Necr/Erth      ###.......   85%         5    ####...
 Malign Gateway           Summ/Tloc      ######....   92%         7    #######
 Alistair's Intoxication  Tmut/Pois      ##......     98%         5    ####...
 Blade Hands              Tmut           ##........   98%         5    ####...
 Bolt of Magma            Conj/Fire/Erth ##........   98%         5    ####...
 Fireball                 Conj/Fire      ##........   98%         5    ####...
 Irradiate                Conj/Tmut      ##........   98%         5    ####...
 Bolt of Cold             Conj/Ice       ##........   100%        6    ######.
 Bolt of Fire             Conj/Fire      ##........   100%        6    ######.
 Hydra Form               Tmut           ##........   100%        6    ######.
 Ozocubu's Refrigeration  Ice            ##........   100%        6    ######.
 Poison Arrow             Conj/Pois      ##........   100%        6    ######.
 Statue Form              Tmut/Erth      ##.......    100%        6    ######.
 Dragon Form              Tmut           ##........   100%        7    #######
 Ring of Flames           Chrm/Fire      #####.....   100%        7    #######
 Borgnjor's Revivificati  Necr           ####......   100%        8    #######
 Chain Lightning          Conj/Air       ####......   100%        8    #######
 Controlled Blink         Tloc           N/A          100%        8    #######
 Death's Door             Chrm/Necr      #####.....   100%        8    #######
 Discord                  Hex            ######....   100%        8    #######
 Ignition                 Fire           ##........   100%        8    #######
 Infestation              Necr           ####......   100%        8    #######
 Lehudib's Crystal Spear  Conj/Erth      ##........   100%        8    #######
 Necromutation            Tmut/Necr      ###.......   100%        8    #######
 Fire Storm               Conj/Fire      ##........   100%        9    #######
 Glaciate                 Conj/Ice       ##........   100%        9    #######
 Shatter                  Erth           ##........   100%        9    #######
 Tornado                  Air            #####.....   100%        9    #######
 Passage of Golubria      Tloc           Unusable     N/A         4    N/A

Dungeon Overview and Level Annotations

Branches:
Dungeon (15/15)            Temple (0/1) D:4            Lair (6/6) D:11
 Shoals (4/4) Lair:3       Spider (4/4) Lair:4        Slime (0/5) Lair:5
    Orc (2/2) D:10            Elf (3/3) Orc:2        Vaults (5/5) D:14
  Crypt (0/3) Vaults:2     Depths (5/5) D:15            Zot (5/5) Depths:5

Altars:
Elyvilon
Gozag
Kikubaaqudgha
Makhleb
Nemelex Xobeh
Qazlal
Sif Muna
Trog
Uskayaw
Vehumet
Xom
Yredelemnul
Zin
The Shining One
Beogh
Lugonu

Shops:
D:6 (   D:10 [   D:11 [%*   Orc:2 (?([*   Elf:2 !*[   Elf:3 (   Shoals:2 }(=
Vaults:4 *   Depths:4 ==}

Portals:
Hell: Depths:1 Depths:2 Depths:3 Depths:4 Depths:5
Abyss: Depths:1 Depths:2 Depths:4
Pandemonium: Depths:2 Depths:3
Ziggurat: Depths:1

Annotations:
D:3 1 runed translucent door, Crazy Yiuf
D:10 1 exclusion
D:11 1 runed translucent door, exclusion: door, Redear's ghost, novice TrCK
Lair:3 exclusion: 2 oklob plants
Elf:2 exclusions: obsidian statue and orange crystal statue
Zot:2 5 transporters, 3 runed translucent doors, exclusions: 3 doors and obsidian statue, Popraera's ghost, legendary MfSk
Zot:3 2 transporters


Innate Abilities, Weirdness & Mutations

You have a pair of large horns on your head.
You are completely covered in large bone plates. (SH +8)
A powerful demonic guardian rushes to your aid.
Your flesh is very heat resistant. (rF++)
You can hurl damnation.
You frequently emit foul miasma when damaged in melee.
You are immune to rotting.
You are immune to clouds of flame.
You have a beak for a mouth.
You have sharp fingernails.
Your skin changes colour to match your surroundings (Stealth+).
Your flesh is very cold resistant. (rC++)
You are highly resistant to hostile enchantments. (MR++)
You are resistant to electric shocks. (rElec)


Message History

You hit the rat.
You kill the rat!
No target in view!
No target in view!
(D) Dungeon (T) Temple (L) Lair (A) Shoals (N) Spider Nest (M) Slime Pits (O) Orcish Mines (E) Elven Halls (V) Vaults (C) Crypt (U) Depths (H) Hell (Z) Zot
Where to? (Enter - D:1, ? - help) As you open the door, it creaks loudly!
HP restored.
There is an open door here.
There is a stone staircase leading up here.
You climb upwards.
There is a stone staircase leading down here.
Unknown command.
(D) Dungeon (T) Temple (L) Lair (A) Shoals (N) Spider Nest (M) Slime Pits (O) Orcish Mines (E) Elven Halls (V) Vaults (C) Crypt (U) Depths (H) Hell (Z) Zot
Where to? (Enter - D:1, ? - help) You're already here!
Unknown command.
Your skin is crawling a little less now.
As you open the door, it creaks loudly!
You hear a roar!
Your skin stops crawling.
There is an open door here.
A Tzitzimitl comes into view.
You feel yourself speed up.
There is an open door, spattered with blood here.
The +11 spear of Honiyn {flame, -Tele rC+ Str+5} bursts into flame!
a - the +11 spear of Honiyn (weapon)
{flame, -Tele rC+ Str+5} Really walk into that dispersal trap?
You enter a dispersal trap!
There is a dispersal trap here.
Unknown command.
The +11 spear of Honiyn {flame, -Tele rC+ Str+5} stops flaming.
b - the +9 battleaxe of Evigal (weapon)
{chop, Dex+6} Evoke which item? (* to show all) (? for menu, Esc to quit)
Aiming: Dig
Press: ? - help, Shift-Dir - straight line A rock wall.
This square is covered in magical glow.
The rock shatters into small pieces. 2 hellwings come into view.
The hellwing moves out of view. x2
There is an open door here.
There is a staircase leading out of the dungeon here.
Enter note: gg You have escaped!

####.......'......
##...####......
#..### ##.....
#....# ##....
####.# ##...
########### ##'#
#.........#### #..
#...###...#..####^.
#.@.#.#...'........
#...###...##.#.#...
#.........##.#.....
###########........
#.# ##.#.##4.
#.######.#.....
#........######
##########


There were no monsters in sight!

Vanquished Creatures
  An ancient lich (Zot:5)
  3 orbs of fire
  Mennas (Depths:4)
  A juggernaut (Depths:4)
  A pandemonium lord (D:8)
  Sojobo (Vaults:4)
  Frederick (Vaults:5)
  3 Killer Klowns (Zot:5)
  Bai Suzhen (Shoals:4)
  3 curse toes (Zot:5)
  A caustic shrike (shapeshifter) (Vaults:5)
  the Enchantress (Depths:3)
  A caustic shrike (Depths:2)
  7 golden dragons
  Nikola (Vaults:1)
  A bone dragon (Depths:5)
  Arachne (Spider:4)
  2 electric golems (Zot:5)
  13 tentacled monstrosities
  A Brimstone Fiend (Depths:1)
  3 liches
  20 Orb Guardians
  6 titans
  2 quicksilver dragons
  A deep elf blademaster (Elf:3)
  2 deep elf master archers (Elf:3)
  5 death cobs
  5 acid blobs (Zot:4)
  7 sphinxes
  11 tengu reavers
  12 shadow dragons
  Agnes (Spider:4)
  6 storm dragons
  An azure jelly (shapeshifter) (D:2)
  An azure jelly (Zot:4)
  8 fire giants
  6 ghost moths
  Ilsuiw (Shoals:4)
  4 draconian monks
  12 vault wardens
  4 frost giants
  6 deep elf sorcerers
  An angel (Vaults:4)
  4 draconian shifters
  4 draconian knights
  4 draconian scorchers
  6 iron dragons
  4 emperor scorpions (Spider:4)
  8 draconian annihilators
  2 draconian stormcallers
  4 deep elf elementalists
  2 spriggan defenders (Depths:3)
  19 ironheart preservers
  2 war gargoyles (Vaults:5)
  12 very ugly things
  3 vampire knights
  23 stone giants
  6 entropy weavers
  7 deep elf demonologists
  Nessos (Lair:5)
  11 green draconians
  12 red draconians
  5 deep elf annihilators
  11 black draconians
  2 spark wasps (Depths:2)
  7 purple draconians
  17 yellow draconians
  6 deep elf death magi
  4 white draconians
  The ghost of Pokahut the Cleaver, a journeyman DsFi of Gozag (Lair:2)
  3 merfolk javelineers
  A blizzard demon (D:12)
  2 merfolk impalers
  3 jiangshi (Depths:3)
  10 ettins
  17 yaktaur captains
  5 deep elf high priests
  11 fire dragons
  12 ogre magi
  3 great orbs of eyes
  6 ice dragons
  A hydra (D:13)
  4 rakshasas
  5 spriggan air magi
  23 vault guards
  A merfolk avatar (Shoals:2)
  10 centaur warriors
  32 two-headed ogres
  7 merfolk aquamancers
  A death yak (Lair:6)
  An alligator (Shoals:1)
  An alligator snapping turtle (Shoals:4)
  4 death knights
  2 deep troll shamans
  18 dancing weapons
  Erica (D:11)
  A tengu warrior (Depths:3)
  A soul eater (D:8)
  A deep troll earth mage (Depths:3)
  5 vampire magi
  Urug (Orc:2)
  An orc high priest (Orc:2)
  6 spriggan berserkers
  Sonja (Lair:5)
  9 hell knights
  13 deep elf knights
  2 sixfirhies
  2 fire crabs (shapeshifter)
  16 deep trolls
  A storm dragon skeleton (Vaults:2)
  9 skeletal warriors
  An unseen horror (D:13)
  3 glowing orange brains
  16 sea snakes
  3 flayed ghosts
  6 wizards
  7 harpies (Shoals:3)
  12 deep elf archers
  A shadow dragon zombie (Vaults:4)
  A lindwurm (Lair:6)
  11 ironbrand convokers
  13 orc knights
  8 orb spiders
  A mana viper (shapeshifter) (Depths:2)
  An oklob plant (Zot:4)
  2 lindwurms (shapeshifter)
  A stone giant zombie (Vaults:4)
  20 wolf spiders
  7 necromancers
  51 deep elf magi
  5 cyclopes
  3 orc sorcerers
  2 fauns (Shoals:2)
  2 salamanders (shapeshifter) (Depths:2)
  10 ugly things
  5 merfolk sirens
  A shining eye (shapeshifter) (Vaults:5)
  A guardian serpent (shapeshifter) (Vaults:4)
  An elephant (shapeshifter) (Depths:2)
  8 manticores
  19 moths of wrath
  8 large abominations
  A fire giant skeleton (Vaults:4)
  A guardian serpent (Depths:1)
  2 frost giant skeletons
  3 water nymphs (Shoals:4)
  Maurice (D:12)
  An ice statue (Spider:2)
  2 eyes of devastation
  5 torpor snails
  6 elephants
  A black mamba (Lair:3)
  2 spiny frogs
  A human skeleton (Vaults:5)
  12 vault sentinels
  2 spiny frogs (shapeshifter)
  2 rime drakes (Lair:3)
  3 komodo dragons
  2 redback zombies
  A yaktaur zombie (Vaults:5)
  57 yaktaurs
  6 freezing wraiths
  13 demonic crawlers
  An efreet (D:15)
  A yaktaur skeleton (Vaults:4)
  A queen bee (shapeshifter) (Vaults:2)
  A troll (shapeshifter) (Vaults:2)
  2 jumping spiders (shapeshifter)
  4 meliai
  A tengu conjurer (Depths:3)
  3 tyrant leeches (Lair:6)
  13 merfolk
  14 jumping spiders
  3 polar bears
  7 trolls
  A wolf spider simulacrum (D:15)
  A shadow dragon simulacrum (Vaults:5)
  5 wind drakes
  23 hornets
  10 blink frogs
  28 slime creatures
  4 snapping turtles
  A stone giant simulacrum (Vaults:1)
  A dream sheep (shapeshifter) (Vaults:5)
  2 dream sheep
  6 hippogriffs
  2 ettin zombies (Vaults:4)
  2 meliai zombies
  15 water elementals
  A shadow (D:11)
  4 spriggans
  6 air elementals
  22 tarantellas
  An ettin skeleton (Vaults:4)
  35 redbacks
  A spriggan (shapeshifter) (Vaults:4)
  6 wraiths
  6 wyverns
  2 fire elementals (Elf:2)
  7 vampires
  A yak (shapeshifter) (Vaults:2)
  17 yaks
  3 chaos spawn (Depths:4)
  3 hungry ghosts
  A basilisk (shapeshifter) (Vaults:1)
  Grum (D:11)
  A yaktaur simulacrum (Vaults:3)
  5 vampire mosquitoes
  3 small abominations
  4 two-headed ogre zombies (WizLab)
  12 wargs
  3 acid dragons
  A swamp worm (Zot:5)
  A floating eye (shapeshifter) (Vaults:5)
  5 porcupines
  8 water moccasins
  6 ice beasts
  A swamp drake (shapeshifter) (Vaults:5)
  3 black bears
  2 phantoms
  50 orc warriors
  3 sky beasts
  A human zombie (Vaults:5)
  An eye of draining (D:11)
  33 ogres
  A wolf (shapeshifter) (Vaults:5)
  22 boggarts
  9 crocodiles
  2 elf simulacra
  7 centaurs
  An ogre (shapeshifter) (Vaults:4)
  12 wolves
  An elf zombie (Vaults:4)
  3 big kobolds
  12 bullfrogs
  A deep troll simulacrum (Vaults:4)
  An earth elemental (Elf:1)
  5 scorpions
  9 troll zombies (WizLab)
  A howler monkey (D:9)
  18 wights
  An electric eel (D:11)
  4 crimson imps
  2 quasits
  A bullfrog zombie (D:5)
  2 bullfrog skeletons
  4 centaur skeletons
  28 jellies
  31 orc wizards
  28 orc priests
  8 hounds
  3 iguanas
  10 worker ants
  2 ogre zombies (WizLab)
  A hound zombie (D:4)
  A hound skeleton (D:8)
  8 mummies (Ossuary)
  A howler monkey zombie (D:4)
  4 gnolls (D:7)
  3 worker ant zombies
  12 adders
  3 shadow imps
  19 oozes
  3 adder zombies (D:4)
  A worm (D:3)
  5 leopard geckos
  106 orcs
  A ball python (D:4)
  4 bats
  3 giant cockroaches
  9 goblins
  A hobgoblin (D:3)
  14 jackals
  4 quokkas
  A frilled lizard (D:2)
  A giant cockroach zombie (D:4)
  2 hobgoblin zombies (Ossuary)
  A jackal skeleton (D:4)
  12 kobolds
  4 kobold zombies (Ossuary)
  A leopard gecko zombie (D:4)
  2 orc zombies (Ossuary)
  2 quokka skeletons
  4 rats
  4 crawling corpses
  3 fungi
  4 plants
  A spectral weapon (Lair:6)
1850 creatures vanquished.

Vanquished Creatures (collateral kills)
  3 ancient liches
  A juggernaut (Depths:2)
  2 Killer Klowns (Zot:5)
  Xtahua (Vaults:2)
  Saint Roka (Orc:2)
  A bone dragon (Depths:5)
  3 golden dragons
  Jory (Vaults:4)
  An electric golem (Zot:1)
  Jorgrun (Elf:2)
  4 tentacled monstrosities
  A lich (Depths:1)
  7 Orb Guardians (Zot:5)
  An acid blob (Zot:4)
  A deep elf blademaster (Elf:2)
  An ancient champion (WizLab)
  A death cob (Zot:5)
  5 shadow dragons
  A large abomination (Vaults:5)
  Donald (Orc:2)
  4 fire giants
  Kirke (Lair:4)
  2 tengu reavers
  2 draconian monks (Zot:1)
  5 storm dragons
  5 vault wardens
  2 deep elf sorcerers (Elf:3)
  2 draconian knights
  An orc warlord (Orc:2)
  An angel (Vaults:4)
  A draconian stormcaller (Zot:3)
  4 frost giants
  A draconian scorcher (Zot:5)
  A draconian shifter (Zot:5)
  A spriggan defender (Depths:3)
  A draconian annihilator (Depths:5)
  2 very ugly things
  An entropy weaver (Depths:2)
  4 ironheart preservers
  A stone giant (Vaults:4)
  2 vampire knights (Depths:2)
  A deep elf demonologist (Elf:3)
  2 purple draconians
  2 yellow draconians
  2 deep elf annihilators (Elf:3)
  2 white draconians
  5 spark wasps
  Snorg (D:12)
  4 deep elf death magi
  2 deep elf high priests
  3 merfolk impalers (Shoals:4)
  4 merfolk javelineers
  3 fire dragons
  A great orb of eyes (Depths:2)
  4 ettins
  Josephine (Lair:6)
  A yaktaur captain (Depths:5)
  2 rakshasas
  Fannar (D:12)
  4 vault guards
  3 hydras
  2 ice dragons
  A spriggan air mage (Depths:3)
  Erolcha (D:11)
  A merfolk avatar (Shoals:2)
  A catoblepas (Lair:6)
  A centaur warrior (Vaults:1)
  5 dancing weapons (Elf:2)
  A merfolk aquamancer (Shoals:4)
  A deep troll earth mage (Depths:2)
  10 two-headed ogres
  5 ogre magi
  5 death yaks (Lair:6)
  2 spriggan berserkers
  2 tengu warriors
  2 orc high priests (Orc:2)
  3 deep elf knights
  3 hell knights (Depths:4)
  3 deep trolls
  4 skeletal warriors
  4 sea snakes
  4 deep elf archers
  9 harpies
  An ironbrand convoker (Vaults:5)
  3 wizards
  A phantasmal warrior (Vaults:5)
  19 deep elf magi
  5 orb spiders
  4 necromancers
  An orc knight (Vaults:1)
  6 wolf spiders
  5 ugly things
  A mana viper (shapeshifter) (Depths:3)
  3 oklob plants (Zot:4)
  A tengu skeleton (Vaults:2)
  A faun (Shoals:1)
  An orc sorcerer (Orc:2)
  3 manticores
  9 elephants
  A cyclops (Shoals:4)
  2 merfolk sirens (Shoals:4)
  3 vault sentinels
  2 torpor snails (Lair:6)
  A gargoyle (D:10)
  2 water nymphs (Shoals:4)
  A smoke demon (D:2)
  A torpor snail (shapeshifter) (D:13)
  2 black mambas
  6 spiny frogs
  3 komodo dragons
  A freezing wraith (Vaults:5)
  2 demonic crawlers (Spider:3)
  4 yaktaurs
  3 human skeletons (Vaults:2)
  A polar bear (Lair:6)
  6 merfolk
  A tyrant leech (Lair:6)
  3 jumping spiders
  3 trolls
  A raiju (shapeshifter) (Depths:2)
  A tyrant leech (shapeshifter) (Vaults:5)
  A wind drake (Shoals:4)
  7 hornets
  7 blink frogs
  3 hippogriffs
  A slime creature (shapeshifter) (Vaults:5)
  3 dream sheep (Lair:6)
  8 slime creatures
  2 snapping turtles
  A shadow (D:13)
  A water elemental (Shoals:2)
  4 tarantellas
  9 yaks
  2 spriggans
  An air elemental (Elf:2)
  5 redbacks
  A wraith (Lair:6)
  A wyvern (D:13)
  2 basilisks (Lair:4)
  A hog (Lair:4)
  A fire elemental (Elf:2)
  2 hungry ghosts
  7 water moccasins
  Duvessa (D:7)
  5 orc warriors
  An ice beast (D:13)
  A black bear (Lair:5)
  6 wolves
  5 ogres
  3 centaurs
  6 crocodiles
  A big kobold (D:7)
  5 bullfrogs
  Dowan (D:7)
  A killer bee (D:13)
  A troll zombie (WizLab)
  4 wights
  A bullfrog zombie (D:8)
  2 hounds (D:7)
  3 jellies
  2 orc priests
  A bullfrog skeleton (D:4)
  4 orc wizards
  A worker ant (D:13)
  3 adders
  A shadow imp (D:13)
  31 orcs
  A jackal skeleton (D:4)
  4 kobolds
  2 butterflies (Lair:1)
  6 fungi
  7 plants
494 creatures vanquished.

Vanquished Creatures (others)
  A centaur warrior (D:15)
  A two-headed ogre (Vaults:1)
  A deep troll earth mage (Depths:4)
  5 dancing weapons
  2 unseen horrors
  A large abomination (Depths:4)
  2 wolf spiders (Spider:4)
  A tengu conjurer (Depths:4)
  A yaktaur (Depths:2)
  A slime creature (Depths:4)
  An air elemental (Elf:2)
  A yak (Lair:5)
  2 boggarts
  2 centaurs
  2 small abominations (Depths:4)
  An orc priest (D:10)
  A ball lightning (Orc:1)
  2 kobolds (D:11)
  A fire vortex (Zot:5)
  14 fungi
  14 plants
  45 spectral weapons
102 creatures vanquished.

Grand Total: 2446 creatures vanquished

Notes
Turn   | Place    | Note
-------+----------+-------------------------------------------
     0 | D:1      | Flugkiller the Demonspawn Chaos Knight began the quest for
                  | the Orb.
     0 | D:1      | Reached XP level 1. HP: 18/18 MP: 1/1
    96 | D:1      | XOM is BORED!
    96 | D:1      | XOM: silly message
   462 | D:1      | Gained mutation: You are partially covered in large bone
                  | plates. (SH +4) [demonic ancestry]
   462 | D:1      | Reached XP level 2. HP: 24/24 MP: 2/2
   815 | D:1      | XOM: divination: detect items
   829 | D:2      | XOM: potion effect (haste)
  1152 | D:2      | Reached XP level 3. HP: 25/29 MP: 3/3
  1337 | D:2      | XOM: 2-stop teleportation journey
  1474 | D:2      | Gained mutation: You are immune to rotting. [demonic
                  | ancestry]
  1474 | D:2      | Reached XP level 4. HP: 24/37 MP: 4/4
  1514 | D:2      | XOM: scenery: create altars
  1594 | D:2      | XOM: scenery: create altars
  1624 | D:2      | XOM: 3-stop teleportation journey
  1759 | D:2      | Noticed Terence
  1774 | D:2      | Noticed Terence
  1774 | D:2      | Terence changed into Terence the glowing shapeshifter
  1774 | D:2      | XOM: confuse monster(s)
  1774 | D:2      | Noticed Terence
  1774 | D:2      | Terence the glowing shapeshifter changed into Terence the
                  | snapping turtle
  1775 | D:2      | no
  1777 | D:2      | Noticed Terence
  1777 | D:2      | Terence the snapping turtle changed into Terence the
                  | manticore
  1779 | D:2      | Noticed Terence
  1779 | D:2      | Terence the manticore changed into Terence the torpor snail
  1972 | D:2      | Noticed Terence
  1973 | D:2      | Noticed Terence
  1973 | D:2      | Terence the polar bear changed into Terence the spriggan
  1980 | D:2      | XOM: enchant monster (good)
  2114 | D:3      | XOM: smoke on damage
  2284 | D:3      | XOM: summons friendly hellwing
  2491 | D:3      | Reached skill level 1 in Dodging
  2549 | D:3      | XOM: scenery: 1 doors open
  2827 | D:3      | Reached skill level 4 in Fighting
  2827 | D:3      | Gained mutation: A weak demonic guardian rushes to your
                  | aid. [demonic ancestry]
  2827 | D:3      | Reached XP level 5. HP: 25/42 MP: 5/5
  3151 | D:3      | Found a runed translucent door.
  3152 | D:3      | Noticed Crazy Yiuf
  3171 | D:3      | XOM: cloud trail
  3216 | D:3      | XOM: god gift: runed battleaxe {god gift}
  3246 | D:3      | XOM: god gift: long smoking staff {god gift}
  3513 | D:4      | Reached skill level 1 in Axes
  3553 | D:4      | Found a staircase to the Ecumenical Temple.
  3556 | D:4      | Noticed an ogre
  3562 | D:4      | Killed an ogre
  3562 | D:4      | Gained mutation: You have a pair of small horns on your
                  | head. [demonic ancestry]
  3562 | D:4      | Reached XP level 6. HP: 49/49 MP: 6/6
  3661 | D:4      | XOM: scenery: create altars
  3668 | D:4      | XOM: god gift: 18 bolts
  3817 | D:4      | XOM: divination: detect items
  3874 | D:4      | XOM: blink monster(s)
  3876 | D:4      | XOM: harmless Chrm miscast
  3915 | D:4      | Reached XP level 7. HP: 52/55 MP: 7/7
  4017 | D:4      | Reached skill level 5 in Fighting
  4230 | D:5      | Entered Level 5 of the Dungeon
  4280 | D:5      | XOM: give mutations
  4280 | D:5      | Gained mutation: You have a pair of horns on your head.
                  | [Xom's mischief]
  4280 | D:5      | Gained mutation: You are frail. (-10% HP) [Xom's mischief]
  4337 | D:5      | XOM: confusion (+ monsters)
  4389 | D:5      | XOM: butterfly on damage
  4617 | D:5      | Noticed a wyvern
  4648 | D:5      | XOM: divination: detect items
  4699 | D:4      | XOM: give mutations
  4699 | D:4      | Gained mutation: You are very frail. (-20% HP) [Xom's
                  | mischief]
  4699 | D:4      | Gained mutation: Scrolls take you a little longer to read.
                  | [Xom's mischief]
  4804 | D:5      | a wyvern changed into a centaur
  4805 | D:5      | Gained mutation: You are mostly covered in large bone
                  | plates. (SH +6) [demonic ancestry]
  4805 | D:5      | Reached XP level 8. HP: 47/50 MP: 7/9
  4847 | D:5      | Reached skill level 1 in Spellcasting
  4986 | D:5      | XOM: 1-stop teleportation journey
  5027 | D:5      | Reached skill level 5 in Axes
  5050 | D:5      | XOM: severe Pois miscast
  5117 | D:5      | Found a bloodstained altar of Trog.
  5226 | D:5      | Found a glowing golden altar of the Shining One.
  5232 | D:5      | Found a glowing silver altar of Zin.
  5233 | D:5      | Found a stormy altar of Qazlal.
  5234 | D:5      | Found a radiant altar of Vehumet.
  5487 | D:5      | XOM: give mutations
  5487 | D:5      | Gained mutation: Your body sometimes deteriorates upon
                  | taking damage. [Xom's mischief]
  5487 | D:5      | Lost mutation: Scrolls take you a little longer to read.
                  | [Xom's mischief]
  5487 | D:5      | Gained mutation: You occasionally shout uncontrollably at
                  | your foes. [Xom's mischief]
  5487 | D:5      | Gained mutation: Your body often deteriorates upon taking
                  | damage. [Xom's mischief]
  5793 | D:6      | Found a sparkling altar of Nemelex Xobeh.
  5794 | D:6      | XOM: give mutations
  5794 | D:6      | Lost mutation: Your body often deteriorates upon taking
                  | damage. [Xom's mischief]
  5794 | D:6      | Gained mutation: You are weak. (Str -2) [Xom's mischief]
  5794 | D:6      | Gained mutation: A demonic guardian rushes to your aid.
                  | [Xom's mischief]
  5794 | D:6      | Gained mutation: You passively map a small area around you.
                  | [Xom's mischief]
  5809 | D:6      | XOM: summons friendly ufetubus
  5922 | D:6      | XOM: medium Chrm miscast
  5958 | D:6      | XOM: 3-stop teleportation journey
  6155 | D:6      | XOM: mild Necr miscast
  6166 | D:6      | Reached skill level 6 in Fighting
  6169 | D:6      | Learned a level 1 spell: Animate Skeleton
  6264 | D:6      | Found a sparkling altar of Nemelex Xobeh.
  6370 | D:6      | Found a white marble altar of Elyvilon.
  6527 | D:6      | XOM: divination: detect items
  6621 | D:6      | Found Onuocoov's Weapon Boutique.
  6658 | D:7      | Reached skill level 1 in Necromancy
  6706 | D:7      | Noticed a troll
  6714 | D:7      | Killed a troll
  6819 | D:7      | Reached XP level 9. HP: 29/56 MP: 10/12
  6827 | D:7      | Noticed Duvessa
  6832 | D:7      | Noticed Dowan
  6833 | D:7      | Killed Duvessa
  6839 | D:7      | Killed Dowan
  6944 | D:7      | XOM: divination: detect creatures
  6998 | D:7      | XOM: 4-stop teleportation journey
  7093 | D:7      | XOM: god gift: fuming orange potion {god gift}
  7416 | D:7      | XOM: scenery: create altars
  7584 | D:7      | Reached skill level 5 in Dodging
  7617 | D:7      | XOM: give mutation
  7617 | D:7      | Gained mutation: Your mind is acute. (Int +2) [Xom's grace]
  7718 | D:7      | XOM: summons 4 hostile demons
  7928 | D:8      | Noticed a two-headed ogre
  7933 | D:8      | Killed a two-headed ogre
  7933 | D:8      | Reached skill level 7 in Fighting
  7933 | D:8      | Reached skill level 1 in Evocations
  7947 | D:8      | XOM: give mutations
  7947 | D:8      | Lost mutation: You have a pair of horns on your head.
                  | [Xom's mischief]
  7947 | D:8      | Gained mutation: You are clumsy. (Dex -2) [Xom's mischief]
  7947 | D:8      | Gained mutation: A powerful demonic guardian rushes to your
                  | aid. [Xom's mischief]
  7947 | D:8      | Lost mutation: You occasionally shout uncontrollably at
                  | your foes. [Xom's mischief]
  8029 | D:8      | Found a sand-covered staircase.
  8043 | Ossuary  | Entered an ossuary
  8087 | Ossuary  | XOM: enchant monster (bad)
  8279 | D:8      | XOM: give mutations
  8279 | D:8      | Lost mutation: You are weak. (Str -2) [Xom's mischief]
  8279 | D:8      | Lost mutation: You are clumsy. (Dex -2) [Xom's mischief]
  8279 | D:8      | Lost mutation: Your mind is acute. (Int +2) [Xom's
                  | mischief]
  8456 | D:8      | XOM: smoke on damage
  8527 | D:8      | XOM: harmless Summ miscast
  8530 | D:8      | XOM: noise
  8540 | D:8      | XOM: chaos upgrade
  8567 | D:8      | XOM: fog
  8826 | D:8      | Noticed a +0 dagger
  8827 | D:8      | Found a hide-covered altar of Uskayaw.
  8827 | D:8      | Noticed a +0 hand axe
  8874 | D:8      | Learned a level 3 spell: Regeneration
  8878 | D:8      | Learned a level 3 spell: Spectral Weapon
  9298 | D:8      | XOM: cloud trail
  9605 | D:8      | XOM: god gift: lightning rod (4/4)
  9623 | D:9      | XOM: god gift: phantom mirror
  9674 | D:9      | XOM: give mutations
  9674 | D:9      | Gained mutation: You are agile. (Dex +2) [Xom's grace]
  9674 | D:9      | Gained mutation: Your spells are a little harder to cast,
                  | but a little more powerful. [Xom's grace]
  9674 | D:9      | Gained mutation: You passively map the area around you.
                  | [Xom's grace]
  9674 | D:9      | Gained mutation: You are resistant to electric shocks.
                  | (rElec) [Xom's grace]
  9737 | D:9      | XOM: summons 9 friendly demons
  9787 | D:9      | Reached skill level 1 in Hexes
  9833 | D:9      | XOM: enchant monster (good)
  9838 | D:9      | XOM: god gift: translucent granite ring {god gift}
  9853 | D:9      | Reached skill level 1 in Charms
  9853 | D:9      | Gained mutation: You are completely covered in large bone
                  | plates. (SH +8) [demonic ancestry]
  9853 | D:9      | Reached XP level 10. HP: 31/63 MP: 13/13
  9938 | D:8      | XOM: divination: magic mapping
 10037 | D:9      | Got a translucent granite ring {god gift}
 10102 | D:9      | XOM: enchant monster (good)
 10177 | D:9      | XOM: scenery: 1 doors open
 10207 | D:9      | Found a deep blue altar of Sif Muna.
 10239 | D:9      | Found an opulent altar of Gozag.
 10239 | D:9      | Found a basalt altar of Yredelemnul.
 10296 | D:9      | XOM: 5-stop teleportation journey
 10560 | D:9      | Noticed a two-headed ogre
 10570 | D:9      | Killed a two-headed ogre
 10589 | D:9      | XOM: noise
 10679 | D:10     | Entered Level 10 of the Dungeon
 10802 | D:9      | XOM: give mutations
 10802 | D:9      | Gained mutation: You are dopey. (Int -2) [Xom's mischief]
 10802 | D:9      | Lost mutation: You are very frail. (-20% HP) [Xom's
                  | mischief]
 11035 | D:10     | XOM: cleaving
 11057 | D:10     | XOM: fog
 11072 | D:10     | XOM: enchant monster (good)
 11170 | D:10     | Noticed a gargoyle
 11170 | D:10     | XOM: mild Air miscast
 11174 | D:10     | Killed an unseen horror
 11182 | D:10     | Killed a gargoyle
 11239 | D:10     | Found Kiorec's Armour Boutique.
 11239 | D:10     | Found a staircase to the Orcish Mines.
 11411 | D:10     | You fall through a shaft for 2 floors!
 11467 | D:12     | XOM: confusion
 11474 | D:12     | Noticed a white ugly thing
 11475 | D:12     | Noticed a manticore
 11476 | D:12     | Reached skill level 5 in Evocations
 11476 | D:12     | Noticed Snorg
 11478 | D:12     | Noticed a centaur warrior
 11482 | D:12     | Killed a cyan ugly thing
 11487 | D:12     | Killed a manticore
 11488 | D:12     | XOM: smoke on damage
 11489 | D:12     | Noticed a cyclops
 11504 | D:12     | Killed a centaur warrior
 11523 | D:11     | Noticed Grum
 11572 | D:11     | Found Huty's Food Shoppe.
 11591 | D:11     | Noticed Erica
 11591 | D:11     | Noticed Erolcha
 11605 | D:11     | Killed Erolcha
 11605 | D:11     | Reached XP level 11. HP: 75/75 MP: 14/14
 11619 | D:11     | Killed Erica
 11671 | D:11     | Found Ocegy's Armour Shoppe.
 11675 | D:11     | XOM: 1-stop teleportation journey
 11708 | D:11     | Found a staircase to the Lair.
 11716 | D:11     | Found a runed translucent door.
 11718 | D:11     | Found a shimmering altar of Xom.
 11718 | D:11     | Noticed Redear's ghost (novice TrCK)
 11718 | D:11     | Noticed a +1 morningstar of chaos
 11770 | D:11     | XOM: 1-stop teleportation journey
 11881 | D:11     | XOM: god gift: 55 gold pieces
 12019 | D:11     | XOM: enchant monster (good)
 12221 | D:11     | XOM: god gift: scroll labeled DUASAR ONUQU {god gift}
 12247 | D:11     | Killed Grum
 12411 | D:11     | XOM: enchant monster (good)
 12512 | D:11     | XOM: summons 2 friendly demons
 12564 | D:11     | Found Raash's Assorted Antiques.
 12580 | D:11     | Identified the ring "Lerowk" {rC+ MR+ AC+1} (Xom gifted it
                  | to you on level 9 of the Dungeon)
 12800 | D:11     | XOM: mild Pois miscast
 13029 | D:10     | Bought a +0 cloak of magic resistance for 115 gold pieces
 13146 | D:10     | XOM: harmless Tmut miscast
 13293 | D:10     | XOM: polymorph slime creature -> eye of devastation
 13297 | D:10     | XOM: silly message
 13307 | D:10     | Reached skill level 5 in Hexes
 13323 | D:10     | XOM: harmless Tmut miscast
 13366 | D:10     | Reached skill level 5 in Charms
 13376 | D:10     | XOM: mild Hex miscast
 13441 | Lair:1   | Entered Level 1 of the Lair of Beasts
 13562 | Lair:1   | XOM: smoke on damage
 13590 | Lair:1   | Reached skill level 8 in Fighting
 13741 | Lair:1   | XOM: confuse monster(s)
 13865 | Lair:1   | XOM: butterfly on damage
 14019 | Lair:1   | XOM: divination: detect items
 14063 | Lair:1   | XOM: harmless Hex miscast
 14195 | Lair:1   | XOM: god gift: crystal ball of energy
 14253 | Lair:2   | Found a runed translucent door.
 14261 | Lair:2   | Noticed Pokahut's ghost (journeyman DsFi)
 14261 | Lair:2   | Identified the +11 spear of Honiyn {flame, -Tele rC+ Str+5}
 14261 | Lair:2   | Noticed a spriggan rider
 14616 | Lair:2   | XOM: 1-stop teleportation journey
 14630 | Lair:2   | XOM: fog
 14951 | Lair:2   | XOM: give mutations
 14951 | Lair:2   | Lost mutation: You are agile. (Dex +2) [Xom's mischief]
 14951 | Lair:2   | Lost mutation: Your body sometimes deteriorates upon taking
                  | damage. [Xom's mischief]
 14951 | Lair:2   | Lost mutation: You are dopey. (Int -2) [Xom's mischief]
 14951 | Lair:2   | Gained mutation: Armour fits poorly on your strangely
                  | shaped body. [Xom's mischief]
 15117 | Lair:3   | XOM: potion effect (haste)
 15298 | Lair:3   | Reached XP level 12. HP: 80/82 MP: 18/18
 15329 | Lair:3   | Reached skill level 10 in Axes
 15724 | Lair:3   | Found a staircase to the Shoals.
 16167 | Lair:4   | Found a hole to the Spider Nest.
 16504 | Lair:4   | XOM: harmless Ice miscast
 16514 | Lair:4   | Noticed Kirke
 16515 | Lair:4   | Reached skill level 9 in Fighting
 16519 | Lair:4   | Killed Kirke
 16537 | Lair:4   | Noticed a four-headed hydra
 16544 | Lair:4   | Killed a four-headed hydra
 16628 | Lair:4   | XOM: polymorph human -> polar bear
 16760 | Lair:4   | Reached skill level 10 in Fighting
 16875 | Lair:5   | Identified the +5 war axe "Vuebikiv" {vamp, rC- MR++ Str+2
                  | Int-2} (You found it on level 5 of the Lair of Beasts)
 16892 | Lair:5   | Found a staircase to the Slime Pits.
 16961 | Lair:5   | Noticed Nessos
 16961 | Lair:5   | Noticed Sonja
 16977 | Lair:5   | Killed Sonja
 16986 | Lair:5   | Killed Nessos
 16986 | Lair:5   | XOM: enchant monster (bad)
 16996 | Lair:5   | XOM: give mutation
 16996 | Lair:5   | Lost mutation: Your spells are a little harder to cast, but
                  | a little more powerful. [Xom's mischief]
 17198 | Lair:5   | XOM: stat loss: -1 Int (15/16)
 17206 | Lair:5   | XOM: noise
 17314 | Lair:5   | XOM: blink monster(s)
 17348 | Lair:5   | XOM: 3-stop teleportation journey
 17462 | Lair:5   | XOM: mild Ice miscast
 17510 | Lair:5   | Got a vibrating crystal amulet
 17978 | Lair:6   | Entered Level 6 of the Lair of Beasts
 17978 | Lair:6   | Noticed a catoblepas
 17978 | Lair:6   | Noticed a death yak
 17978 | Lair:6   | Noticed a death yak
 17978 | Lair:6   | Noticed a death yak
 17979 | Lair:6   | Noticed a death yak
 18245 | Lair:4   | XOM: harmless Hex miscast
 18282 | Lair:5   | XOM: polymorph wolf -> big kobold
 18329 | Lair:5   | Found a staircase to the Slime Pits.
 18337 | Lair:5   | XOM: silly message
 18348 | Lair:5   | XOM: 1-stop teleportation journey
 18955 | Lair:5   | XOM: give mutations
 18955 | Lair:5   | Gained mutation: You expend magic power (3 MP) to
                  | strengthen your wands. [Xom's grace]
 18955 | Lair:5   | Gained mutation: You are agile. (Dex +2) [Xom's grace]
 19183 | Lair:6   | Noticed Josephine
 19189 | Lair:6   | Killed Josephine
 19189 | Lair:6   | Reached XP level 13. HP: 72/92 MP: 19/19
 19310 | Lair:6   | XOM: polymorph cacodemon -> balrug
 19316 | Lair:6   | XOM: divination: magic mapping
 19321 | Lair:6   | XOM: summons friendly ufetubus
 19326 | Lair:6   | XOM: confuse monster(s)
 19486 | Lair:6   | XOM: scenery: create altars
 19497 | Lair:6   | XOM: smoke on damage
 19522 | Lair:6   | XOM: scenery: create altars
 19600 | Lair:6   | XOM: summons friendly crimson imp
 19749 | Lair:6   | Identified the amulet "Ogusaum" {Inacc Dex+2} (You found it
                  | on level 5 of the Lair of Beasts)
 19755 | Lair:6   | Reached skill level 10 in Dodging
 19786 | Lair:6   | XOM: god gift: 36 gold pieces
 19800 | Lair:6   | XOM: confuse monster(s)
 19918 | Lair:6   | Found a runed translucent door.
 19919 | Lair:6   | Noticed a fire dragon
 20076 | Lair:6   | Paralysed by a hornet for 3 turns
 20540 | Lair:6   | XOM: medium Erth miscast
 20574 | Lair:6   | XOM: summons friendly iron imp
 20632 | Lair:6   | XOM: silly message
 20672 | Lair:6   | XOM: scenery: create altars
 20939 | Lair:6   | XOM: mild Summ miscast
 21112 | Lair:6   | XOM: scenery: create altars
 21115 | Lair:6   | Killed a fire dragon
 21569 | Lair:4   | XOM: harmless Fire miscast
 21699 | D:12     | Found an opulent altar of Gozag.
 21700 | D:12     | Noticed Maurice
 21717 | D:12     | Killed Maurice
 21856 | D:12     | XOM: medium Hex miscast
 21870 | D:12     | Noticed Fannar
 21878 | D:12     | Killed Fannar
 21904 | D:12     | XOM: silly message
 21911 | D:12     | XOM: stat loss: -1 Dex (13/14)
 21912 | D:12     | XOM: confusion
 21915 | D:12     | XOM: cast spell 'Metabolic Englaciation'
 22165 | D:12     | XOM: medium Tmut miscast
 22237 | D:12     | Killed Snorg
 22680 | D:13     | XOM: 1-stop teleportation journey
 22813 | D:13     | Gained mutation: You have a pair of horns on your head.
                  | [demonic ancestry]
 22813 | D:13     | Reached XP level 14. HP: 83/99 MP: 20/20
 22896 | D:13     | XOM: 1-stop teleportation journey
 22985 | D:13     | XOM: polymorph sky beast -> hornet
 23021 | D:13     | XOM: harmless Hex miscast
 23086 | D:13     | Reached skill level 11 in Fighting
 23278 | D:13     | XOM: chaos cloud
 23521 | D:13     | XOM: stat loss: -1 Dex (13/14)
 23522 | D:13     | XOM: enchant monster (bad)
 23735 | D:13     | Reached skill level 5 in Armour
 23816 | D:13     | XOM: summons 3 friendly demons
 23830 | D:13     | XOM: polymorph cacodemon -> lorocyproca
 24098 | D:13     | XOM: harmless Erth miscast
 24424 | D:14     | XOM: 2-stop teleportation journey
 24883 | D:14     | Found a gate to the Vaults.
 25185 | D:15     | Entered Level 15 of the Dungeon
 25202 | D:15     | XOM: summons 6 friendly demons
 25238 | D:15     | XOM: blink monster(s)
 25275 | D:15     | Found a burning altar of Makhleb.
 25301 | D:15     | XOM: harmless Chrm miscast
 25504 | D:14     | XOM: harmless Chrm miscast
 25667 | D:15     | XOM: divination: detect creatures
 25877 | D:15     | XOM: 9-stop teleportation journey
 26056 | D:15     | XOM: medium Air miscast
 26162 | D:15     | XOM: cloud trail
 26283 | D:15     | XOM: mild Summ miscast
 26397 | D:15     | XOM: noise
 26666 | D:15     | XOM: stat loss: -1 Str (13/14)
 26684 | D:15     | XOM: blink monster(s)
 26732 | D:15     | XOM: enchant monster (good)
 26983 | D:15     | XOM: summons 12 friendly demons
 27009 | D:15     | XOM: summons 2 friendly demons
 27045 | D:15     | Found a staircase to the Depths.
 27118 | D:15     | XOM: divination: magic mapping
 27156 | D:15     | XOM: divination: magic mapping
 27330 | D:15     | XOM: cloud trail
 27486 | Orc:1    | Entered Level 1 of the Orcish Mines
 27706 | Orc:1    | XOM: destruction
 27728 | Orc:1    | XOM: 1-stop teleportation journey
 27813 | Orc:1    | XOM: polymorph orc warrior -> worker ant
 27871 | Orc:1    | Found a roughly hewn altar of Beogh.
 27988 | Orc:2    | Entered Level 2 of the Orcish Mines
 27990 | Orc:2    | Noticed Donald
 28162 | Orc:1    | XOM: divination: detect items
 28274 | Orc:1    | Learned a level 2 spell: Shroud of Golubria
 28284 | Orc:2    | XOM: butterfly on damage
 28286 | Orc:2    | Killed Donald
 28304 | Orc:2    | XOM: give mutations
 28304 | Orc:2    | Gained mutation: Potions are less effective at restoring
                  | your health. [Xom's mischief]
 28304 | Orc:2    | Gained mutation: Scrolls take you a little longer to read.
                  | [Xom's mischief]
 28316 | Orc:2    | XOM: mild Hex miscast
 28444 | Orc:2    | Noticed Urug
 28447 | Orc:2    | XOM: divination: detect items
 28458 | Orc:2    | Killed Urug
 28515 | Orc:2    | XOM: confuse monster(s)
 28532 | Orc:2    | XOM: repel stairs
 28548 | Orc:2    | Reached XP level 15. HP: 71/106 MP: 13/21
 28549 | Orc:2    | XOM: give mutation
 28549 | Orc:2    | Lost mutation: Potions are less effective at restoring your
                  | health. [Xom's mischief]
 28758 | Orc:1    | XOM: harmless Fire miscast
 28803 | Orc:1    | XOM: harmless Tmut miscast
 28819 | Orc:2    | Noticed an orc warlord
 28834 | Orc:2    | Killed an orc warlord
 29001 | Orc:2    | Found Seigrier's Antique Weapon Shop.
 29002 | Orc:2    | Found a roughly hewn altar of Beogh.
 29003 | Orc:2    | Found Xiweeqin's Antique Armour Boutique.
 29069 | Orc:2    | Found a roughly hewn altar of Beogh.
 29088 | Orc:2    | Found Elufriri's Magic Scroll Shop.
 29265 | Orc:2    | Found a roughly hewn altar of Beogh.
 29288 | Orc:2    | Found a roughly hewn altar of Beogh.
 29291 | Orc:2    | Noticed Saint Roka
 29322 | Orc:2    | Killed Saint Roka
 29391 | Orc:2    | XOM: summons 2 hostile demons
 29562 | Orc:2    | Found a roughly hewn altar of Beogh.
 29587 | Orc:2    | XOM: harmless Erth miscast
 29599 | Orc:2    | XOM: polymorph orc warrior -> crocodile
 29605 | Orc:2    | XOM: confusion
 29819 | Orc:2    | Found a roughly hewn altar of Beogh.
 29820 | Orc:2    | Found Bifall's Antique Weapon Shoppe.
 29846 | Orc:2    | Found a roughly hewn altar of Beogh.
 30006 | Orc:2    | XOM: 4-stop teleportation journey
 30098 | Orc:2    | Found a roughly hewn altar of Beogh.
 30130 | Orc:2    | Found a staircase to the Elven Halls.
 30135 | Orc:2    | Found a roughly hewn altar of Beogh.
 30184 | Orc:2    | Found Beffaus's General Store.
 30340 | Orc:2    | XOM: summons 5 hostile demons
 30628 | Orc:1    | Found a roughly hewn altar of Beogh.
 30766 | Orc:1    | XOM: mild Pois miscast
 30906 | Orc:1    | XOM: severe Air miscast
 31153 | Spider:1 | Entered Level 1 of the Spider Nest
 31159 | Lair:4   | XOM: noise
 31247 | Spider:1 | XOM: torment (53/106 hp)
 31249 | Lair:4   | XOM: swap monsters
 31469 | Spider:1 | XOM: stat loss: -1 Int (17/18)
 31787 | Spider:1 | XOM: harmless Necr miscast
 31803 | Spider:1 | XOM: smoke on damage
 32046 | Spider:1 | XOM: swap monsters
 32051 | Spider:1 | XOM: harmless Summ miscast
 32061 | Spider:1 | XOM: cloud trail
 32195 | Spider:1 | XOM is BORED!
 32195 | Spider:1 | XOM: noise
 32245 | Spider:1 | XOM: harmless Necr miscast
 32600 | Spider:2 | XOM: blink monster(s)
 32632 | Spider:2 | Reached skill level 5 in Spellcasting
 32641 | Spider:2 | XOM: potion effect (heal wounds)
 32877 | Spider:1 | Reached skill level 10 in Armour
 33448 | Spider:2 | XOM: divination: detect items
 33998 | Spider:2 | XOM: medium Ice miscast
 34730 | Spider:3 | XOM: noise
 34902 | Spider:3 | XOM: confusion (+ monsters)
 34914 | Spider:3 | XOM: harmless Necr miscast
 34915 | Spider:3 | XOM: scenery: create altars
 34917 | Spider:3 | XOM: cast spell 'Alistair's Intoxication'
 35153 | Spider:3 | XOM: destruction
 35177 | Spider:3 | XOM: divination: detect creatures
 35313 | Spider:3 | XOM: harmless Ice miscast
 35321 | Spider:4 | Entered Level 4 of the Spider Nest
 35535 | Spider:4 | XOM: enchant monster (bad)
 35935 | Spider:3 | XOM: god gift: glowing robe {god gift}
 35994 | Spider:3 | XOM: god gift: 2 potions of berserk rage
 36054 | Spider:3 | XOM: god gift: 11 bolts
 36093 | Spider:4 | Noticed Arachne
 36105 | Spider:4 | Killed Arachne
 36186 | Spider:4 | XOM: silly message
 36200 | Spider:4 | Reached skill level 12 in Fighting
 36257 | Spider:4 | Learned a level 5 spell: Summon Mana Viper
 36593 | Spider:4 | XOM: smoke on damage
 36596 | Spider:4 | Reached skill level 1 in Summonings
 36713 | Spider:4 | XOM: harmless Chrm miscast
 36835 | Spider:4 | Noticed Agnes
 36846 | Spider:4 | Killed Agnes
 36876 | Spider:4 | XOM: noise
 37163 | Spider:4 | Reached XP level 16. HP: 87/116 MP: 12/23
 37504 | Spider:4 | XOM: summons 5 friendly demons
 37773 | Spider:4 | XOM: destruction
 37818 | Spider:4 | XOM: potion effect (haste)
 37836 | Spider:4 | XOM: enchant monster (bad)
 37976 | Spider:4 | XOM: polymorph wolf spider -> wind drake
 37977 | Spider:4 | Reached skill level 13 in Fighting
 38028 | Spider:4 | Reached skill level 5 in Summonings
 38053 | Spider:4 | Got a gossamer rune of Zot
 38539 | Shoals:1 | Entered Level 1 of the Shoals
 38617 | Shoals:1 | XOM: polymorph merfolk avatar -> alligator
 38884 | Shoals:1 | XOM: god gift: 50 gold pieces
 39197 | Shoals:1 | XOM: confuse monster(s)
 39334 | Shoals:1 | XOM: mild Tmut miscast
 39349 | Shoals:1 | XOM: swap monsters
 39351 | Shoals:1 | XOM: silly message
 39426 | Shoals:1 | XOM: god gift: 61 gold pieces
 39807 | Lair:2   | XOM: cloud trail
 39925 | Orc:2    | Bought a scroll of fear for 52 gold pieces
 39925 | Orc:2    | Bought a scroll of teleportation for 45 gold pieces
 39925 | Orc:2    | Bought a scroll of summoning for 142 gold pieces
 40001 | Orc:2    | Bought a pair of glowing boots for 277 gold pieces
 40035 | Orc:2    | Bought a glowing battleaxe for 228 gold pieces
 40184 | Orc:2    | XOM: divination: magic mapping
 40187 | Orc:2    | Bought a runed battleaxe for 209 gold pieces
 40274 | D:10     | XOM: mild Ice miscast
 40388 | Shoals:2 | Found Tiesilag's Gadget Shop.
 40411 | Shoals:2 | Bought a wand of acid (9) for 442 gold pieces
 40411 | Shoals:2 | Bought a wand of disintegration (12) for 272 gold pieces
 40411 | Shoals:2 | Bought a wand of paralysis (6) for 136 gold pieces
 40522 | Shoals:2 | XOM: cloud trail
 40629 | Shoals:2 | Found Guam's Weapon Shoppe.
 40710 | Shoals:1 | XOM is BORED!
 40710 | Shoals:1 | XOM: mild Summ miscast
 40757 | Shoals:2 | Upgraded the game from 0.24-a0-258-gb86c0f735e to
                  | 0.24-a0-264-gf46a388040
 40791 | Shoals:2 | Found Vuppiati's Jewellery Boutique.
 40791 | Shoals:2 | XOM: 3-stop teleportation journey
 40831 | Shoals:2 | XOM: harmless Erth miscast
 40900 | Shoals:2 | XOM: swap monsters
 40905 | Shoals:2 | XOM: fog
 41114 | Shoals:2 | XOM: divination: magic mapping
 41151 | Shoals:2 | XOM: summons friendly shadow imp
 42213 | Shoals:3 | XOM: scenery: create altars
 42275 | Shoals:4 | Entered Level 4 of the Shoals
 42286 | Shoals:4 | XOM: enchant monster (good)
 42446 | Shoals:4 | XOM: smoke on damage
 42448 | Shoals:4 | XOM: swap monsters
 42449 | Shoals:4 | Reached skill level 10 in Summonings
 42474 | Shoals:4 | Reached XP level 17. HP: 43/122 MP: 6/26
 42521 | Shoals:3 | XOM: noise
 42909 | Shoals:4 | XOM: summons 7 friendly demons
 42929 | Shoals:4 | Got a barnacled rune of Zot
 42965 | Shoals:4 | XOM: cleaving
 43091 | Shoals:4 | Noticed Ilsuiw
 43093 | Shoals:4 | XOM: cast spell 'Alistair's Intoxication'
 43112 | Shoals:4 | XOM: smoke on damage
 43169 | Shoals:4 | XOM: butterfly on damage
 43459 | Shoals:4 | XOM: divination: detect creatures
 43626 | Shoals:3 | XOM: god gift: faintly humming scale mail {god gift}
 43678 | Shoals:3 | XOM: medium Ice miscast
 43681 | Shoals:3 | Got a faintly humming scale mail {god gift}
 43741 | Shoals:3 | Identified the +2 scale mail of the Shining Light {*Drain
                  | MR+ Slay+5 SInv} (Xom gifted it to you on level 3 of the
                  | Shoals)
 43903 | Shoals:4 | Noticed Bai Suzhen
 43918 | Shoals:4 | XOM: blink monster(s)
 43928 | Shoals:4 | Killed Bai Suzhen
 44320 | Shoals:4 | XOM: stat loss: -1 Int (17/18)
 44558 | Shoals:4 | XOM: repel stairs
 44562 | Shoals:4 | XOM: harmless Chrm miscast
 44564 | Shoals:4 | XOM: confuse monster(s)
 44787 | Shoals:3 | XOM: harmless Air miscast
 45069 | Shoals:4 | Killed Ilsuiw
 45247 | Shoals:4 | XOM is BORED!
 45247 | Shoals:4 | XOM: medium Chrm miscast
 45510 | Shoals:4 | Got a dull robe
 45528 | Shoals:4 | XOM: god gift: 23 gold pieces
 45754 | Elf:1    | Entered Level 1 of the Elven Halls
 45804 | Elf:1    | XOM: potion effect (might)
 45822 | Elf:1    | XOM: cloud trail
 45824 | Elf:1    | XOM: enchant monster (bad)
 45835 | Elf:1    | XOM: potion effect (magic)
 45930 | Elf:1    | XOM: enchant monster (good)
 46029 | Elf:1    | XOM: mild Air miscast
 46177 | Elf:1    | Identified the ring "Vyischas" {rPois Dex+2}
 46180 | Elf:1    | XOM: summons 4 friendly demons
 46194 | Elf:1    | XOM: summons 3 friendly demons
 46201 | Elf:1    | XOM: harmless Pois miscast
 46636 | Elf:1    | XOM: blink monster(s)
 46641 | Elf:1    | Gained mutation: You are very frail. (-20% HP) [a neqoxec]
 46824 | Elf:1    | XOM: harmless Air miscast
 46842 | Elf:1    | XOM: cast spell 'Call Canine Familiar'
 47076 | Elf:1    | Lost mutation: Armour fits poorly on your strangely shaped
                  | body. [potion of mutation]
 47076 | Elf:1    | Lost mutation: Scrolls take you a little longer to read.
                  | [potion of mutation]
 47076 | Elf:1    | Lost mutation: You passively map the area around you.
                  | [potion of mutation]
 47076 | Elf:1    | Lost mutation: You are very frail. (-20% HP) [potion of
                  | mutation]
 47076 | Elf:1    | Gained mutation: Your flesh is cold resistant. (rC+)
                  | [potion of mutation]
 47076 | Elf:1    | Gained mutation: Your flesh is very cold resistant. (rC++)
                  | [potion of mutation]
 47076 | Elf:1    | Gained mutation: Your mind is acute. (Int +2) [potion of
                  | mutation]
 47288 | Elf:2    | XOM: potion effect (magic)
 47403 | Elf:2    | XOM: potion effect (brilliance)
 47406 | Elf:2    | XOM: potion effect (haste)
 47438 | Elf:2    | Found Naplynoh's Armour Emporium.
 47438 | Elf:2    | Found Zeoxymeisen's Assorted Antiques.
 47441 | Elf:2    | XOM: harmless Tloc miscast
 47484 | Elf:2    | Bought the cursed +0 pair of gloves of Autotheism {rF+
                  | Int+6} for 365 gold pieces
 47525 | Elf:2    | Bought a runed battleaxe for 304 gold pieces
 47651 | Elf:2    | Noticed Jorgrun
 47662 | Elf:2    | Killed Jorgrun
 47667 | Elf:2    | Found a runed translucent gate.
 47667 | Elf:2    | Found a runed translucent gate.
 47667 | Elf:2    | Found a runed translucent gate.
 47797 | Elf:2    | XOM: potion effect (berserk rage)
 47823 | Elf:2    | XOM: silly message
 47864 | Elf:2    | XOM: divination: detect items
 47872 | Elf:2    | XOM: fake destruction
 47877 | Elf:2    | XOM: fake destruction
 47883 | Elf:2    | Reached skill level 15 in Axes
 48044 | Elf:2    | XOM: harmless Ice miscast
 48097 | Elf:2    | XOM: potion effect (might)
 48156 | Elf:2    | XOM: swap monsters
 48241 | Elf:2    | XOM: summons 8 hostile demons
 48429 | Elf:2    | Found Leps's Distillery.
 48438 | Elf:2    | Bought a potion of haste for 150 gold pieces
 48438 | Elf:2    | Bought a potion of heal wounds for 75 gold pieces
 48558 | Elf:2    | XOM: 7-stop teleportation journey
 48588 | Elf:2    | XOM: scenery: 2 doors close
 48621 | Elf:2    | XOM: cloud trail
 48690 | Elf:2    | XOM: god gift: scroll of enchant weapon
 48772 | Elf:2    | XOM: god gift: 1620 gold pieces
 48936 | Elf:2    | XOM: destruction
 49159 | Elf:2    | Gained mutation: Your flesh is heat resistant. (rF+)
                  | [demonic ancestry]
 49159 | Elf:2    | Reached XP level 18. HP: 116/129 MP: 16/28
 49166 | Elf:2    | XOM: summons 2 friendly demons
 49174 | Elf:2    | XOM: give mutations
 49174 | Elf:2    | Gained mutation: You are very agile. (Dex +4) [Xom's grace]
 49174 | Elf:2    | Gained mutation: Your muscles are strong. (Str +2) [Xom's
                  | grace]
 49174 | Elf:2    | Gained mutation: You can translocate small distances at
                  | will. [Xom's grace]
 49174 | Elf:2    | Gained mutation: You have a pair of large horns on your
                  | head. [Xom's grace]
 49408 | Elf:2    | XOM: divination: detect items
 49516 | Elf:3    | Entered Level 3 of the Elven Halls
 49516 | Elf:3    | XOM: scenery: create altars
 49528 | Elf:3    | XOM: give mutations
 49528 | Elf:3    | Gained mutation: You possess an exceptional clarity of
                  | mind. [Xom's grace]
 49528 | Elf:3    | Gained mutation: You have large cloven feet. [Xom's grace]
 49528 | Elf:3    | Gained mutation: Your natural rate of healing is unusually
                  | fast. [Xom's grace]
 49579 | Elf:3    | XOM: scenery: create altars
 49588 | Elf:3    | XOM: summons friendly white imp
 49590 | Elf:3    | XOM: polymorph deep elf archer -> eye of devastation
 49604 | Elf:3    | XOM: confuse monster(s)
 49765 | Elf:3    | XOM: noise
 49770 | Elf:3    | XOM: medium Fire miscast
 49883 | Elf:3    | Found Yrutuf's Weapon Shoppe.
 50169 | Elf:3    | XOM: cast spell 'Summon Ice Beast'
 50171 | Elf:3    | XOM: confuse monster(s)
 50744 | Elf:2    | XOM: scenery: 2 doors close
 50893 | Elf:3    | XOM: confuse monster(s)
 50901 | Elf:3    | Reached skill level 14 in Fighting
 51012 | Elf:3    | XOM: cast spell 'Necromutation'
 51016 | Elf:3    | XOM: divination: detect items
 51224 | Elf:3    | XOM: god gift: scroll of teleportation
 51309 | Elf:3    | XOM: cloud trail
 51545 | Elf:3    | XOM: noise
 51559 | Elf:3    | XOM: summons friendly quasit
 51564 | Elf:3    | XOM: confuse monster(s)
 51630 | Elf:3    | Got a faintly humming chain mail
 51631 | Elf:3    | Identified the cursed +1 chain mail "Uthilex" {rPois rF+
                  | MR- Regen+} (You found it on level 3 of the Elven Halls)
 51747 | Elf:3    | XOM: give mutations
 51747 | Elf:3    | Lost mutation: You are frail. (-10% HP) [Xom's grace]
 51747 | Elf:3    | Gained mutation: Your muscles are very strong. (Str +4)
                  | [Xom's grace]
 51747 | Elf:3    | Gained mutation: You have sharp fingernails. [Xom's grace]
 51747 | Elf:3    | Gained mutation: Your spells are a little harder to cast,
                  | but a little more powerful. [Xom's grace]
 51832 | Elf:3    | Got a bloodstained scale mail
 51833 | Elf:3    | Identified the +1 scale mail "Som Tueb" {*Slow Str+4 Dex+5
                  | Stlth+} (You found it on level 3 of the Elven Halls)
 51877 | Elf:3    | Identified the +2 pair of gloves of Toquv {Dex+5} (You
                  | found it on level 3 of the Elven Halls)
 51929 | Elf:3    | Identified the Grimoire of Blistering Snow
 52318 | D:14     | XOM: give mutations
 52318 | D:14     | Gained mutation: You are covered in fur. (AC +1) [Xom's
                  | grace]
 52318 | D:14     | Gained mutation: You are resistant to hostile enchantments.
                  | (MR+) [Xom's grace]
 52330 | Vaults:1 | Entered Level 1 of the Vaults
 52401 | Vaults:1 | XOM: divination: detect items
 52420 | Vaults:1 | Found a magical portal.
 52428 | Vaults:1 | XOM: 5-stop teleportation journey
 52508 | Vaults:1 | XOM: enchant monster (bad)
 52512 | Vaults:1 | XOM: cast spell 'Summon Dragon'
 52592 | Vaults:1 | XOM: summons 8 friendly demons
 52638 | WizLab   | Entered Zonguldrok's Shrine
 52763 | WizLab   | XOM: cast spell 'Summon Mana Viper'
 52827 | WizLab   | XOM: mild Erth miscast
 52898 | WizLab   | XOM: summons 10 friendly demons
 52900 | WizLab   | Gained mutation: You are immune to clouds of flame.
                  | [demonic ancestry]
 52900 | WizLab   | Reached XP level 19. HP: 148/154 MP: 23/29
 52922 | WizLab   | XOM: give mutations
 52922 | WizLab   | Gained mutation: You are robust. (+10% HP) [Xom's grace]
 52922 | WizLab   | Gained mutation: Your spells are harder to cast, but more
                  | powerful. [Xom's grace]
 53007 | WizLab   | Noticed an antique lich
 53011 | WizLab   | XOM: harmless Summ miscast
 53015 | WizLab   | Killed an antique lich
 53015 | WizLab   | Reached skill level 15 in Fighting
 53019 | WizLab   | Found the +9 sword of Zonguldrok {reap}
 53023 | WizLab   | Identified Katick's Handbook of Conjuration
 53155 | Vaults:1 | Noticed Nikola
 53174 | Vaults:1 | Killed Nikola
 53361 | Vaults:1 | XOM: silly message
 53403 | Vaults:1 | Identified Rees's Almanac of the Warped Frostbite
 53500 | Vaults:1 | XOM: potion effect (invisibility)
 53546 | Vaults:1 | XOM: harmless Summ miscast
 53670 | Vaults:1 | XOM: potion effect (agility)
 53718 | Vaults:1 | XOM: mild Erth miscast
 53872 | Vaults:1 | XOM: potion effect (might)
 53876 | Vaults:1 | XOM: potion effect (agility)
 53948 | Vaults:1 | XOM: silly message
 53962 | Vaults:1 | XOM: confuse monster(s)
 54002 | Vaults:1 | XOM: smoke on damage
 54011 | Vaults:1 | Found the +8 glaive of the Guard {elec, +Rage AC+5 SInv}
 54423 | Orc:2    | Bought a scroll of enchant weapon for 112 gold pieces
 54423 | Orc:2    | Bought a scroll of magic mapping for 52 gold pieces
 54461 | Orc:2    | Bought a scroll of enchant weapon for 90 gold pieces
 54462 | Orc:2    | Bought a potion of magic for 96 gold pieces
 54505 | Elf:2    | Bought a scroll of enchant weapon for 240 gold pieces
 54705 | D:14     | XOM: mild Fire miscast
 54782 | Vaults:2 | Noticed Xtahua
 54783 | Vaults:2 | XOM: harmless Tloc miscast
 54793 | Vaults:2 | Killed Xtahua
 54802 | Vaults:2 | XOM: mild Fire miscast
 54804 | Vaults:2 | XOM: 2-stop teleportation journey
 54904 | Vaults:2 | XOM: severe Hex miscast
 54913 | Vaults:2 | XOM: scenery: 1 doors close
 54927 | Vaults:2 | Lost mutation: Your spells are harder to cast, but more
                  | powerful. [mutagenic glow]
 54952 | Vaults:2 | Gained mutation: Armour fits poorly on your strangely
                  | shaped body. [mutagenic glow]
 55379 | Vaults:2 | XOM: polymorph jumping spider -> shapeshifter
 55409 | Vaults:2 | Found a staircase to the Crypt.
 55409 | Vaults:2 | Found an ancient bone altar of Kikubaaqudgha.
 55410 | Vaults:2 | Found a basalt altar of Yredelemnul.
 55704 | Vaults:2 | XOM: 4-stop teleportation journey
 55790 | Vaults:2 | XOM: cast spell 'Summon Mana Viper'
 56154 | Vaults:2 | Gained mutation: You may emit foul miasma when damaged in
                  | melee. [demonic ancestry]
 56154 | Vaults:2 | Reached XP level 20. HP: 179/179 MP: 32/32
 56482 | Vaults:3 | XOM: scenery: 1 doors close
 56507 | Vaults:3 | XOM: scenery: 1 doors close
 56551 | Vaults:3 | XOM: 4-stop teleportation journey
 56553 | Vaults:3 | XOM: scenery: create altars
 56613 | Vaults:3 | Got a crystal flail
 56618 | Vaults:3 | XOM: summons 8 friendly demons
 56672 | Vaults:3 | XOM: god gift: 2 javelins of penetration
 56717 | Vaults:3 | Reached skill level 16 in Fighting
 56751 | Vaults:3 | XOM: confuse monster(s)
 56810 | Vaults:3 | XOM: silly message
 56969 | Vaults:3 | XOM: give mutations
 56969 | Vaults:3 | Lost mutation: Your natural rate of healing is unusually
                  | fast. [Xom's mischief]
 56969 | Vaults:3 | Lost mutation: You can translocate small distances at will.
                  | [Xom's mischief]
 56969 | Vaults:3 | Lost mutation: Your spells are a little harder to cast, but
                  | a little more powerful. [Xom's mischief]
 56969 | Vaults:3 | Lost mutation: Armour fits poorly on your strangely shaped
                  | body. [Xom's mischief]
 57159 | Vaults:4 | XOM: potion effect (berserk rage)
 57170 | Vaults:4 | XOM: scenery: create altars
 57196 | Vaults:4 | Noticed Sojobo
 57215 | Vaults:4 | Killed Sojobo
 57216 | Vaults:4 | XOM: potion effect (curing)
 57217 | Vaults:4 | XOM: summons friendly white imp
 57284 | Vaults:4 | XOM: chaos upgrade
 57351 | Vaults:4 | XOM: chaos upgrade
 57353 | Vaults:4 | XOM: enchant monster (bad)
 57363 | Vaults:4 | XOM: swap monsters
 57437 | Vaults:4 | Learned a level 6 spell: Deflect Missiles
 57513 | Vaults:4 | Reached skill level 1 in Air Magic
 57579 | Vaults:4 | XOM: medium Tloc miscast
 57662 | Vaults:4 | XOM: mild Air miscast
 57671 | Vaults:4 | XOM: stat loss: -1 Dex (15/16)
 57706 | Vaults:4 | Noticed Jory
 57718 | Vaults:4 | XOM: blink monster(s)
 57727 | Vaults:4 | Killed Jory
 58246 | Vaults:4 | Learned a level 5 spell: Aura of Abjuration
 58489 | Vaults:4 | Found a glowing silver altar of Zin.
 58489 | Vaults:4 | Found a white marble altar of Elyvilon.
 58489 | Vaults:4 | Found a glowing golden altar of the Shining One.
 58493 | Vaults:4 | Found Aschuafy's General Store.
 58644 | Vaults:4 | Learned a level 6 spell: Shadow Creatures
 58791 | D:14     | XOM: summons 10 hostile demons
 58837 | Depths:1 | Entered Level 1 of the Depths
 58837 | Depths:1 | Found a gateway to a ziggurat.
 59033 | D:15     | XOM: summons 3 hostile shadow creatures
 59256 | D:10     | XOM: harmless Hex miscast
 59326 | Orc:2    | XOM: summons 1 hostile demon
 59335 | Orc:2    | XOM: give mutations
 59335 | Orc:2    | Lost mutation: You are covered in fur. (AC +1) [Xom's
                  | mischief]
 59335 | Orc:2    | Lost mutation: You expend magic power (3 MP) to strengthen
                  | your wands. [Xom's mischief]
 59335 | Orc:2    | Lost mutation: You are robust. (+10% HP) [Xom's mischief]
 59547 | D:12     | XOM: noise
 59681 | Depths:1 | XOM: severe Tloc miscast
 59740 | Depths:1 | XOM: give mutations
 59740 | Depths:1 | Lost mutation: Your flesh is very cold resistant. (rC++)
                  | [Xom's mischief]
 59740 | Depths:1 | Lost mutation: You have a pair of large horns on your head.
                  | [Xom's mischief]
 59770 | Depths:1 | Found a corrupted altar of Lugonu.
 59770 | Depths:1 | Found a one-way gate to the infinite horrors of the Abyss.
 59800 | Depths:1 | XOM: summons 10 hostile demons
 59825 | Depths:1 | XOM: summons 1 hostile shadow creature
 59859 | Depths:1 | XOM: scenery: create altars
 59870 | Depths:1 | Gained mutation: You have a pair of large horns on your
                  | head. [demonic ancestry]
 59870 | Depths:1 | Reached XP level 21. HP: 169/173 MP: 28/33
 59963 | Depths:1 | Found a gateway to Hell.
 60007 | Depths:1 | Identified a scroll of acquirement
 60160 | Depths:2 | XOM: enchant monster (bad)
 60443 | Depths:2 | Reached skill level 5 in Air Magic
 60451 | Depths:2 | Reached skill level 17 in Fighting
 60461 | Depths:2 | Found a one-way gate leading to the halls of Pandemonium.
 60589 | Depths:2 | XOM: 8-stop teleportation journey
 60640 | Depths:1 | XOM: god gift: coiled brass amulet {god gift}
 60643 | Depths:1 | Got a coiled brass amulet {god gift}
 60644 | Depths:1 | Identified the amulet of Gyemoir {Gourm rElec} (Xom gifted
                  | it to you on level 1 of the Depths)
 60717 | Depths:2 | XOM: divination: detect creatures
 60796 | Depths:2 | XOM: divination: detect creatures
 60849 | Depths:2 | XOM: god gift: 5 stones
 60883 | Depths:2 | Identified the +5 glaive of Impatience {protect, +Fly rPois
                  | rF- Str+4}
 60899 | Depths:2 | XOM: summons friendly shadow imp
 61146 | Depths:2 | XOM: fake destruction
 61152 | Depths:2 | XOM: enchant monster (bad)
 61327 | Depths:2 | Reached skill level 10 in Evocations
 61519 | Depths:2 | XOM: divination: detect items
 61617 | Depths:2 | Identified the +6 chain mail of Foguatho {rF+ rN+ Dex-5}
 61622 | Depths:2 | Found the +3 robe of Clouds {+Thunder rCloud rElec}
 61622 | Depths:2 | Noticed a juggernaut
 61623 | Depths:2 | XOM: scenery: create altars
 61629 | Depths:2 | XOM: cleaving
 61639 | Depths:2 | Killed a juggernaut
 61640 | Depths:2 | XOM: mild Summ miscast
 61647 | Depths:2 | XOM: confuse monster(s)
 61665 | Depths:2 | Got an ancient triple sword
 61666 | Depths:2 | Identified the +3 triple sword of Eternal Vigilance {holy,
                  | +Rage +Inv} (You found it on level 2 of the Depths)
 61668 | Depths:2 | Identified Sif Muna's Reference Book on Bewitchment
 61750 | Depths:2 | Noticed a caustic shrike
 61756 | Depths:2 | XOM: summons friendly shadow imp
 61766 | Depths:2 | XOM: enchant monster (good)
 61773 | Depths:2 | Killed a caustic shrike
 61878 | Depths:2 | XOM: scenery: create altars
 62088 | Depths:3 | XOM: give mutations
 62088 | Depths:3 | Lost mutation: You are very agile. (Dex +4) [Xom's
                  | mischief]
 62088 | Depths:3 | Lost mutation: You are agile. (Dex +2) [Xom's mischief]
 62148 | Depths:3 | XOM: destruction
 62248 | Depths:3 | XOM: fake destruction
 62376 | Depths:3 | XOM: scenery: create altars
 62378 | Depths:3 | XOM: fog
 62545 | Depths:3 | XOM: summons 7 friendly demons
 62721 | Depths:3 | Reached XP level 22. HP: 134/182 MP: 16/34
 62726 | Depths:3 | XOM: confuse monster(s)
 62831 | Depths:3 | Identified the +2 faerie dragon scales {rCorr Str+4}
 62831 | Depths:3 | Noticed the Enchantress
 62843 | Depths:3 | XOM: enchant monster (good)
 62848 | Depths:3 | Killed the Enchantress
 62855 | Depths:3 | XOM: potion effect (magic)
 63120 | Depths:4 | Noticed Mennas
 63124 | Depths:4 | XOM: confuse monster(s)
 63132 | Depths:4 | XOM: scenery: create altars
 63133 | Depths:4 | XOM: summons friendly quasit
 63134 | Depths:4 | XOM: divine lightning
 63137 | Depths:4 | XOM: fake destruction
 63304 | Depths:3 | XOM: god gift: rapier {god gift}
 63325 | Depths:4 | XOM: cleaving
 63545 | Depths:4 | XOM: blink monster(s)
 63552 | Depths:4 | XOM: scenery: create altars
 63568 | Depths:4 | XOM: destruction
 63570 | Depths:4 | XOM: polymorph mana viper -> slime creature
 63596 | Depths:4 | Killed Mennas
 63597 | Depths:4 | XOM: give mutations
 63597 | Depths:4 | Gained mutation: You are agile. (Dex +2) [Xom's grace]
 63597 | Depths:4 | Gained mutation: You evolve. [Xom's grace]
 63597 | Depths:4 | Gained mutation: You are highly resistant to hostile
                  | enchantments. (MR++) [Xom's grace]
 63751 | Depths:4 | Reached skill level 18 in Fighting
 63823 | Depths:4 | Found Qeinaunt's Gadget Shoppe.
 63823 | Depths:4 | Found Muozisa's Jewellery Boutique.
 63824 | Depths:4 | Found Qerch's Jewellery Boutique.
 63906 | Depths:4 | XOM: 4-stop teleportation journey
 63944 | Depths:4 | Noticed a juggernaut
 63960 | Depths:4 | Killed a juggernaut
 64071 | Depths:4 | Reached skill level 15 in Armour
 64107 | Depths:4 | Noticed a golden dragon
 64128 | Depths:4 | XOM: summons friendly ufetubus
 64140 | Depths:4 | Killed a golden dragon
 64145 | Depths:4 | Gained mutation: Your skin changes colour to match your
                  | surroundings (Stealth+). [evolution]
 64401 | Depths:4 | XOM: harmless Conj miscast
 64421 | Depths:4 | XOM: potion effect (might)
 64490 | Depths:4 | XOM: divination: detect creatures
 64650 | Depths:4 | XOM: god gift: scroll of teleportation
 64705 | Depths:4 | XOM: noise
 64719 | Depths:4 | XOM: confuse monster(s)
 64796 | Depths:5 | Entered Level 5 of the Depths
 64820 | Depths:5 | XOM: harmless Conj miscast
 64843 | Depths:5 | XOM: divination: magic mapping
 64848 | Depths:5 | XOM: mild Hex miscast
 64849 | Depths:5 | XOM: cast spell 'Summon Butterflies'
 64884 | Depths:5 | Noticed a golden dragon
 64886 | Depths:5 | XOM: potion effect (agility)
 64896 | Depths:5 | Killed a golden dragon
 64910 | Depths:5 | XOM: potion effect (magic)
 64915 | Depths:5 | XOM: cast spell 'Summon Small Mammal'
 65091 | Depths:5 | XOM: harmless Air miscast
 65199 | Depths:5 | XOM: fog
 65337 | Depths:5 | XOM: mild Tloc miscast
 65404 | Depths:5 | XOM: 2-stop teleportation journey
 65726 | Depths:5 | XOM: give mutations
 65726 | Depths:5 | Lost mutation: You are agile. (Dex +2) [Xom's mischief]
 65726 | Depths:5 | Lost mutation: You evolve. [Xom's mischief]
 65726 | Depths:5 | Lost mutation: Your muscles are very strong. (Str +4)
                  | [Xom's mischief]
 65908 | Depths:5 | Found a gate to the Realm of Zot.
 66145 | Depths:5 | XOM: enchant monster (good)
 66905 | Vaults:5 | Entered Level 5 of the Vaults
 66930 | Vaults:5 | XOM: polymorph ogre mage -> wolf spider
 66978 | Vaults:5 | XOM: divination: magic mapping
 66984 | Vaults:5 | XOM: chaos upgrade
 66990 | Vaults:5 | Reached XP level 23. HP: 131/192 MP: 12/35
 67133 | Vaults:5 | XOM: chaos upgrade
 67136 | Vaults:5 | Noticed an ancient lich
 67156 | Vaults:5 | Killed an ancient lich
 67156 | Vaults:5 | Reached skill level 15 in Summonings
 67182 | Vaults:5 | XOM: summons 8 friendly demons
 67194 | Vaults:5 | XOM: summons friendly ufetubus
 67213 | Vaults:5 | XOM: cleaving
 67230 | Vaults:5 | Reached skill level 19 in Fighting
 67243 | Vaults:5 | Identified the cursed +0 robe of the Spider Nest {rN++}
 67250 | Vaults:5 | Identified the +9 dire flail of the Rattle-Snake {pain,
                  | *Drain rElec rC- Str+7}
 67308 | Vaults:5 | XOM: 5-stop teleportation journey
 67312 | Vaults:5 | XOM: cast spell 'Leda's Liquefaction'
 67319 | Vaults:5 | XOM: cast spell 'Shadow Creatures'
 67362 | Vaults:5 | XOM: summons 2 friendly demons
 67366 | Vaults:5 | XOM: enchant monster (good)
 67390 | Vaults:5 | XOM: fog
 67395 | Vaults:5 | Found the amulet of the Four Winds {rN+ MR+++ Clar}
 67425 | Vaults:5 | XOM: divination: detect creatures
 67431 | Vaults:5 | XOM: fog
 67445 | Vaults:5 | Reached skill level 20 in Fighting
 67451 | Vaults:5 | XOM: enchant monster (good)
 67458 | Vaults:5 | XOM: summons friendly quasit
 67504 | Vaults:5 | Got a silver rune of Zot
 67665 | Vaults:5 | Identified the Catalogue of Supportive Fire
 67701 | Vaults:5 | Noticed Frederick
 67720 | Vaults:5 | XOM: harmless Fire miscast
 67726 | Vaults:5 | XOM: cast spell 'Cause Fear'
 67727 | Vaults:5 | Killed Frederick
 67750 | Vaults:5 | XOM: confuse monster(s)
 67754 | Vaults:5 | XOM: noise
 67761 | Vaults:5 | XOM: noise
 67818 | Vaults:5 | XOM: mild Chrm miscast
 67842 | Vaults:5 | XOM: enchant monster (bad)
 67859 | Vaults:5 | XOM: summons friendly shadow imp
 67918 | Vaults:5 | XOM: divination: magic mapping
 68161 | Vaults:5 | XOM: divination: magic mapping
 68221 | Vaults:5 | Identified the Reference Book on the Dislocated Mountains
 68356 | Vaults:5 | XOM: confuse monster(s)
 68363 | Vaults:5 | XOM: divination: magic mapping
 68411 | Vaults:5 | XOM: divination: detect creatures
 68666 | Vaults:5 | XOM: enchant monster (bad)
 68700 | Vaults:5 | Lost mutation: Your mind is acute. (Int +2) [a shining eye]
 68777 | Vaults:5 | Identified the ring of Scepticism {*Tele rElec rPois Str-5
                  | SInv}
 68782 | Vaults:5 | XOM: smoke on damage
 68782 | Vaults:5 | XOM: potion effect (curing)
 68790 | Vaults:5 | XOM: divination: detect creatures
 68800 | Vaults:5 | Mutation became permanent: A demonic guardian rushes to
                  | your aid. [demonic ancestry]
 68800 | Vaults:5 | Gained mutation: A powerful demonic guardian rushes to your
                  | aid. [demonic ancestry]
 68800 | Vaults:5 | Reached XP level 24. HP: 152/204 MP: 35/35
 68907 | Vaults:5 | XOM: medium Hex miscast
 69025 | Vaults:5 | XOM: mild Conj miscast
 69153 | Vaults:5 | XOM: harmless Conj miscast
 69198 | Vaults:5 | Identified the +11 mace of the Realm of Zot {flame, rC-
                  | rN+++ Dex+2}
 69273 | Vaults:5 | Identified the ring "Vinne" {+Blink rElec rC- Int+4}
 69276 | Vaults:5 | XOM: scenery: create altars
 69277 | Vaults:5 | XOM: polymorph tengu reaver -> shadow dragon
 69375 | Vaults:5 | Reached skill level 15 in Evocations
 69509 | Vaults:5 | XOM: god gift: scroll of teleportation
 69838 | Vaults:5 | Identified the cursed +0 pair of boots of the Princess {MR+
                  | Int+2} (You found it on level 5 of the Vaults)
 69878 | Vaults:5 | Identified the Catalogue of Transformation
 69906 | Vaults:5 | Identified the +3 rapier of Doofefest {pierce, rF+ rC++
                  | Str+3 Int-5} (You found it on level 5 of the Vaults)
 69910 | Vaults:5 | Identified the cursed +0 ring mail of the Moon {rN+ Regen+}
                  | (You found it on level 5 of the Vaults)
 69929 | Vaults:5 | Identified the +4 hand axe of Forgiveness {speed, +Rage
                  | +Fly rN++ Str-5} (You found it on level 5 of the Vaults)
 70038 | Vaults:5 | Identified the +4 mace of Puguew {crush, rF+ MR+ Dex+4
                  | Stlth+}
 70094 | Vaults:5 | XOM: give mutations
 70094 | Vaults:5 | Gained mutation: Your flesh is very cold resistant. (rC++)
                  | [Xom's grace]
 70094 | Vaults:5 | Gained mutation: You have a beak for a mouth. [Xom's grace]
 70616 | D:15     | XOM: scenery: create altars
 70692 | Depths:4 | Bought the ring "Gum Zaemuo" {rPois rF+ rC+ rN+ MR+} for
                  | 816 gold pieces
 70701 | Depths:4 | Bought a wand of enslavement (6) for 160 gold pieces
 70701 | Depths:4 | Bought a wand of paralysis (7) for 180 gold pieces
 70701 | Depths:4 | Bought a wand of acid (5) for 360 gold pieces
 70701 | Depths:4 | Bought a wand of enslavement (4) for 120 gold pieces
 70701 | Depths:4 | Bought a sack of spiders for 400 gold pieces
 70717 | Depths:4 | XOM: god gift: ration
 70792 | D:15     | XOM: god gift: 3 rations
 70820 | D:14     | XOM: 8-stop teleportation journey
 70930 | D:11     | Bought a potion of haste for 380 gold pieces
 71107 | Elf:2    | Bought a potion of curing for 45 gold pieces
 71107 | Elf:2    | Bought a potion of resistance for 150 gold pieces
 71107 | Elf:2    | Bought a potion of cancellation for 120 gold pieces
 71107 | Elf:2    | Bought a potion of magic for 120 gold pieces
 71107 | Elf:2    | Bought a potion of curing for 45 gold pieces
 71107 | Elf:2    | Bought 2 potions of curing for 90 gold pieces
 71107 | Elf:2    | Bought a potion of degeneration for 15 gold pieces
 71107 | Elf:2    | Bought a potion of agility for 60 gold pieces
 71247 | D:11     | XOM: god gift: scroll of enchant weapon
 71336 | D:14     | XOM: harmless Erth miscast
 71486 | Vaults:4 | Bought the +9 battleaxe of Evigal {chop, Dex+6} for 1188
                  | gold pieces
 71486 | Vaults:4 | Bought a potion of might for 64 gold pieces
 71774 | Zot:1    | Entered Level 1 of the Realm of Zot
 71899 | Zot:1    | XOM: polymorph reaper -> green death
 71957 | Zot:1    | XOM: silly message
 72052 | Zot:1    | XOM: mild Ice miscast
 72120 | Zot:1    | XOM: summons 12 friendly demons
 72121 | Zot:1    | XOM: divination: detect creatures
 72259 | Zot:1    | You fall through a shaft!
 72366 | Zot:2    | XOM: enchant monster (good)
 72371 | Zot:2    | XOM: divine lightning
 72397 | Zot:2    | XOM: cleaving
 72442 | Zot:2    | XOM: god gift: 6 rations
 72579 | Zot:1    | XOM: give mutations
 72579 | Zot:1    | Gained mutation: You are robust. (+10% HP) [Xom's grace]
 72579 | Zot:1    | Gained mutation: You are agile. (Dex +2) [Xom's grace]
 72579 | Zot:1    | Gained mutation: Your flesh is very heat resistant. (rF++)
                  | [Xom's grace]
 72579 | Zot:1    | Gained mutation: You expend magic power (3 MP) to
                  | strengthen your wands. [Xom's grace]
 72643 | Zot:1    | XOM: confuse monster(s)
 73006 | Zot:2    | Got a pitted great sword
 73007 | Zot:2    | Identified the +8 great sword of the Forsaken Spirits
                  | {flame, Str+3} (You found it on level 2 of the Realm of
                  | Zot)
 73110 | Zot:2    | Found a transporter.
 73111 | Zot:2    | Found a transporter.
 73111 | Zot:2    | Identified the ring "Xijob" {Int+5 Dex+7}
 73137 | Zot:2    | Found a transporter.
 73137 | Zot:2    | Found a transporter.
 73242 | Zot:2    | Learned a level 7 spell: Summon Hydra
 73314 | Zot:2    | XOM: give mutations
 73314 | Zot:2    | Gained mutation: Your mind is acute. (Int +2) [Xom's grace]
 73314 | Zot:2    | Gained mutation: Your flesh is almost immune to the effects
                  | of cold. (rC+++) [Xom's grace]
 73314 | Zot:2    | Gained mutation: You have supernaturally acute eyesight.
                  | (SInv) [Xom's grace]
 73329 | Zot:2    | Found an opulent altar of Gozag.
 73329 | Zot:2    | Noticed Popraera's ghost (legendary MfSk)
 73330 | Zot:2    | Found a runed translucent gate.
 73330 | Zot:2    | Found a runed translucent gate.
 73330 | Zot:2    | Found a runed translucent gate.
 73433 | Zot:2    | Found a transporter.
 73434 | Zot:2    | Noticed an ancient lich
 73604 | Zot:2    | XOM: scenery: create altars
 73892 | Zot:3    | XOM: god gift: 27 gold pieces
 73894 | Zot:3    | XOM: 1-stop teleportation journey
 74020 | Zot:3    | Found a transporter.
 74100 | Zot:3    | XOM: 3-stop teleportation journey
 74125 | Zot:3    | Reached skill level 21 in Fighting
 74133 | Zot:3    | XOM: enchant monster (bad)
 74182 | Zot:3    | You fall through a shaft!
 74184 | Zot:4    | XOM: blink monster(s)
 74189 | Zot:4    | XOM: scenery: create altars
 74203 | Zot:4    | Gained mutation: You can hurl damnation. [demonic ancestry]
 74203 | Zot:4    | Reached XP level 25. HP: 222/235 MP: 35/35
 74211 | Zot:3    | XOM: medium Tmut miscast
 74528 | Zot:3    | Found a transporter.
 74556 | Zot:4    | XOM: swap monsters
 74608 | Zot:3    | XOM: summons 1 hostile shadow creature
 74711 | Zot:3    | XOM: summons 2 hostile demons
 74781 | Zot:3    | XOM: harmless Fire miscast
 74864 | Zot:4    | XOM: smoke on damage
 74929 | Zot:4    | XOM: noise
 74982 | Zot:4    | XOM: chaos upgrade
 75076 | Zot:4    | Noticed an orb of fire
 75085 | Zot:4    | Lost mutation: You are robust. (+10% HP) [an orb of fire]
 75093 | Zot:4    | Killed an orb of fire
 75104 | Zot:4    | XOM: swap monsters
 75255 | Zot:4    | XOM: mild Fire miscast
 75635 | Zot:4    | XOM: give mutations
 75635 | Zot:4    | Lost mutation: You expend magic power (3 MP) to strengthen
                  | your wands. [Xom's mischief]
 75635 | Zot:4    | Lost mutation: You are agile. (Dex +2) [Xom's mischief]
 75635 | Zot:4    | Lost mutation: You have supernaturally acute eyesight.
                  | (SInv) [Xom's mischief]
 75635 | Zot:4    | Lost mutation: Your mind is acute. (Int +2) [Xom's
                  | mischief]
 75647 | Zot:4    | XOM: noise
 75662 | Zot:4    | XOM: swap monsters
 75686 | Zot:4    | XOM: polymorph wandering mushroom -> wandering mushroom
 75703 | Zot:4    | XOM: enchant monster (bad)
 75990 | Zot:4    | XOM: enchant monster (bad)
 76225 | Zot:4    | XOM: medium Conj miscast
 76346 | Zot:4    | XOM: polymorph yellow draconian -> azure jelly
 76647 | Zot:5    | Entered Level 5 of the Realm of Zot
 76649 | Zot:5    | XOM: polymorph moth of wrath -> swamp worm
 77049 | Lair:2   | Killed Pokahut's ghost
 77293 | Zot:1    | XOM: god gift: scroll of amnesia
 77394 | Zot:5    | XOM: potion effect (brilliance)
 78547 | Zot:4    | XOM: silly message
 78558 | Zot:4    | XOM: harmless Erth miscast
 78916 | Zot:4    | XOM: harmless Ice miscast
 79007 | Zot:5    | XOM: summons friendly crimson imp
 79615 | Zot:5    | XOM: medium Hex miscast
 79654 | Zot:5    | XOM: give mutation
 79654 | Zot:5    | Lost mutation: You possess an exceptional clarity of mind.
                  | [Xom's mischief]
 80552 | Zot:5    | XOM: mild Fire miscast
 80615 | Zot:5    | XOM: harmless Hex miscast
 80798 | Zot:5    | XOM: give mutations
 80798 | Zot:5    | Lost mutation: Your flesh is almost immune to the effects
                  | of cold. (rC+++) [Xom's mischief]
 80798 | Zot:5    | Lost mutation: Your muscles are strong. (Str +2) [Xom's
                  | mischief]
 80937 | Zot:5    | XOM: polymorph seven-headed hydra -> great orb of eyes
 81114 | Zot:5    | XOM: scenery: create altars
 81149 | Zot:5    | Noticed a Killer Klown
 81174 | Zot:5    | XOM: confuse monster(s)
 81218 | Zot:5    | Killed a Killer Klown
 81360 | Zot:5    | Noticed a Killer Klown
 81381 | Zot:5    | Killed a Killer Klown
 81472 | Zot:5    | Noticed a Killer Klown
 81509 | Zot:5    | Killed a Killer Klown
 81589 | Zot:5    | Noticed an orb of fire
 81591 | Zot:5    | Gained mutation: Armour fits poorly on your strangely
                  | shaped body. [an orb of fire]
 81593 | Zot:5    | Lost mutation: You have large cloven feet. [an orb of fire]
 81601 | Zot:5    | Killed an orb of fire
 81601 | Zot:5    | Gained mutation: You frequently emit foul miasma when
                  | damaged in melee. [demonic ancestry]
 81601 | Zot:5    | Reached XP level 26. HP: 160/222 MP: 8/35
 81735 | Zot:5    | XOM: god gift: box of beasts
 81744 | Zot:5    | XOM: summons 4 hostile shadow creatures
 81999 | Zot:5    | XOM: medium Summ miscast
 82066 | Zot:5    | XOM: 4-stop teleportation journey
 82066 | Zot:5    | Noticed an ancient lich
 82075 | Zot:5    | XOM: noise
 82076 | Zot:5    | Killed an ancient lich
 82222 | Zot:5    | Noticed an ancient lich
 82232 | Zot:5    | Killed an ancient lich
 82275 | Zot:5    | XOM: swap monsters
 82303 | Zot:5    | XOM: polymorph Orb Guardian -> glowing shapeshifter
 82309 | Zot:5    | lol
 82436 | Zot:5    | Noticed an orb of fire
 82439 | Zot:5    | DUEL
 82447 | Zot:5    | Killed an orb of fire
 82855 | Zot:5    | Got the Orb of Zot
 82864 | Zot:5    | XOM: repel stairs
 82865 | Zot:5    | thanks
 82877 | Zot:4    | XOM: mild Summ miscast
 82971 | Zot:1    | XOM: chaos cloud
 83046 | Depths:3 | XOM: give mutations
 83046 | Depths:3 | Lost mutation: You passively map a small area around you.
                  | [Xom's mischief]
 83046 | Depths:3 | Lost mutation: Armour fits poorly on your strangely shaped
                  | body. [Xom's mischief]
 83093 | Depths:1 | XOM: repel stairs
 83292 | D:8      | Noticed Widweetherghi the pandemonium lord
 83293 | D:8      | XOM: polymorph Widweetherghi -> Widweetherghi
 83295 | D:8      | XOM: swap monsters
 83302 | D:8      | XOM: medium Pois miscast
 83312 | D:8      | Killed Widweetherghi the pandemonium lord
 83418 | D:2      | oh right
 83508 | D:1      | gg
 83509 | D:$      | Escaped with the Orb!

Levels and vault maps discovered:
D:1:      nicolae_arrival_memento_mori, layout_loops_corners
D:2:      layout_basic, uniq_terence
D:3:      layout_basic, uniq_crazy_yiuf_cottage
D:4:      cheibrodos_pilgrimage, layout_rooms,
          minmay_temple_entry_statues_fountains, serial_undead, serial_undead_c,
          serial_undead_c, serial_undead_c, serial_undead_d
D:5:      layout_loops_ring, minitemple, lemuel_crystal_altar, first_ration,
          supply_closet_lemuel, grunt_decor_clamped, serial_bayou_lake_a
D:6:      layout_gridville, lemuel_crystal_altar,
          nemelex_xobeh_ov_fountains_minmay, serial_shops, shop,
          nemelex_dance_club_becter
D:7:      layout_loops_ring, uniq_duvessa
D:8:      layout_layer_cave, dancing_weapons_uskayaw, enter_ossuary_2
D:9:      layout_irregular_city, overflow_temple_1_default,
          chequers_temple_overflow_statue_of_worship
D:10:     lemuel_slime, layout_loops_ring, orc_david_3, enter_bailey_3,
          hangedman_pestilent_swarm
D:11:     layout_basic, lair_entry_dummy, serial_shops,
          nicolae_shop_overgrown_old_shop, shop, shop, ebering_ghost_xom,
          nooodl_orcs_dogs, uniq_grum, uniq_erolcha, uniq_erica
D:12:     layout_loops_corners, serial_glass, glass_columns_a, glass_columns_c,
          glass_columns_a, glass_columns_a, glass_columns_a, glass_columns_c,
          glass_columns_c, glass_columns_a, basic_altar, uniq_snorg,
          uniq_maurice, uniq_fannar
D:13:     layout_gridville, minmay_the_grid_2x2 [minmay_the_grid_medium_cups,
          minmay_the_grid_minigrid_large, minmay_the_grid_pillar_ring,
          minmay_the_grid_prize_inner_circle]
D:14:     layout_stronghold, david_vaults_1
D:15:     grunt_enter_depths_hoard, layout_loops_ring, kennysheep_flooded_box
Lair:1:   layout_chaotic_city, grunt_megastairs_3, lemuel_fruit_fields
Lair:2:   layout_chaotic_city, ebering_ghost_funeral_grove, minmay_holes,
          infiniplex_staircase_pool
Lair:3:   layout_gridlike, shoals_dummy_entry, minmay_lair_oklob_chamber,
          lemuel_fruit_tree
Lair:4:   layout_gridlike, spider_nest_entry_a, grunt_megastairs_5, uniq_kirke
Lair:5:   layout_layer_cave, slime_dummy, grunt_forest_large_clearings,
          uniq_nessos, uniq_sonja
Lair:6:   wormcave, layout_long_grid, bh_autumn_forest_stairs, uniq_josephine
Shoals:1: cheibrodos_shoals_three_sisters, layout_shoals
Shoals:2: layout_shoals, serial_shops, shop, shop, shop,
          nicolae_shoals_isolated_beach
Shoals:3: layout_shoals
Shoals:4: shoals_end_hangedman, layout_shoals, shoal_ilsuiw,
          nicolae_shoals_arrival_archipelago, uniq_bai_suzhen
Spider:1: layout_spider_delve
Spider:2: layout_spider_delve, portal_ice_cave_entry_ice_statue_one
Spider:3: layout_spider_delve
Spider:4: guppyfry_spider_rune, drop_trap, uniq_agnes, uniq_arachne
Orc:1:    nicolae_orc_accident_2, layout_diamond_mine, basic_altar
Orc:2:    grunt_orc_community_town_hall, layout_caves,
          grunt_orc_community_big_house_2, grunt_orc_community_big_house_1,
          grunt_orc_community_house_1, grunt_orc_community_house_3,
          grunt_orc_community_house_3, grunt_orc_community_house_2,
          grunt_orc_community_house_1, grunt_orc_community_house_1,
          serial_shops, shop, nicolae_orc_flooded_monolith, library_closet,
          nicolae_orc_damp_corner, mines2_david, uniq_donald, uniq_saint_roka,
          uniq_urug
Elf:1:    layout_gridlike, hangedman_elf_represent
Elf:2:    layout_gridlike, serial_shops, shop, david_greed, minmay_shoptagon,
          uniq_jorgrun
Elf:3:    grunt_elf_hall_diamonds, layout_loops_corners, serial_shops, shop
Vaults:1: vaults_room_stairs_pillars, minmay_guarded_unrand_guard_vaults,
          vaults_mumra_minichess_inversion, hangedman_vaults_stream,
          v_alt_pattern_5, v_misc_25, v_pattern_4, hangedman_vaults_pinch,
          v_rooms_5, nicolae_vaults_asterisk, v_misc_22, layout_vaults_ring,
          mu_enter_wizlab_5, uniq_nikola
Vaults:2: v_pattern_5, grunt_vaults_twisty, vaults_dpeg_doors,
          vaults_mumra_chevron, v_rooms_6, minmay_crypt_entry_necro_gods,
          ontoclasm_vaults_loading_screen, vaults_room_stairs_pillars,
          nicolae_vaults_stairing_the_circle, nicolae_vaults_asterisk,
          layout_vaults_quadrants, uniq_xtahua
Vaults:3: hangedman_vaults_hat, v_misc_15, dpeg_vaults_monster_box,
          vaults_standard_mumra_enter_the_diamond, ontoclasm_vaults_pinch,
          nicolae_vaults_shelves_hall, ontoclasm_vaults_gateway, v_misc_28,
          vaults_room_large_hall, layout_vaults_big_room
Vaults:4: nicolae_vaults_triangles, v_misc_28, nicolae_vaults_alarming,
          nicolae_vaults_mini_display_case, ontoclasm_vaults_idyll,
          vaults_room_ringed_pool, nicolae_vaults_diagonal_hallway_6, v_misc_33,
          hangedman_vaults_corner_blocks, vaults_mumra_hex, vaults_dpeg_ring,
          vaults_dpeg_diagonal, layout_vaults_maze_snakey,
          portal_desolation_entry_holy_temple, serial_shops, shop, uniq_sojobo,
          uniq_jory
Vaults:5: uniq_frederick
Depths:1: layout_cave_pools, enter_ziggurat_b, pf_hell_entry_tar_spiral,
          abyss_entry_flame_altar, nrook_campfire, moated_statue, st_stairs_12,
          minmay_misc_feat_pillars, fake_guardian_serpent_vault
Depths:2: hangedman_pleasuredromes, abyss_entry, pan_entry, hell_entry
Depths:3: minmay_angry_zag, layout_gridlike, pan_entry,
          pf_vacation_house_of_asmodeus, serial_sigils,
          serial_sigils_hangedman_leer, serial_sigils_hangedman_quiver,
          serial_sigils_hangedman_clutch, serial_sigils_hangedman_snap,
          serial_sigils_hangedman_stare, serial_sigils_hangedman_shear,
          infiniplex_staircase_zigzag_2, uniq_enchantress
Depths:4: minmay_two_paths, layout_cave_pools, minmay_room_of_horrors,
          hell_entry, st_stairs_4, minmay_staircase_windowed_large,
          minmay_shop_grove, uniq_mennas
Depths:5: grunt_twist_and_shout, layout_gridlike, pf_coc_iceberg
Zot:1:    layout_onion_interference, grunt_ministairs_3
Zot:2:    gammafunk_the_bubble [the_bubble_gammafunk_roulette],
          layout_concentric_octagons, ebering_ghost_gozag
Zot:3:    gammafunk_its_a_trap, layout_concentric_octagons
Zot:4:    lemuel_acid_trip, layout_onion_interference
Zot:5:    layout_cathedral_of_symmetry
Ossuary:  ossuary_tomb_3
WizLab:   wizlab_zonguldrok

Skill      XL: |  1  2  3  4  5  6  7  8  9 10 11 12 13 14 15 16 17 18 19 20 21 22 23 24 25 26 |
---------------+-------------------------------------------------------------------------------+-----
Maces & Flails | 3 4 |  4.5
Dodging        | 1 2 3 4 5 8 10 11 | 11.0
Fighting       | 4 5 6 7 8 10 11 12 13 14 15 16 17 18 20 21 | 21.0
Axes           | 2 3 4 6 8 9 12 13 14 15 16 18 19 | 19.8
Spellcasting   | 2 4 5 6 7 8 |  8.0
Necromancy     | 2 3 4 |  4.1
Evocations     | 2 5 7 11 12 14 15 16 19 | 19.1
Hexes          | 1 3 5 7 8 |  8.0
Charms         | 1 3 5 6 7 8 9 |  9.0
Armour         | 2 3 8 11 12 13 15 17 18 | 18.2
Summonings     | 2 10 12 13 14 15 16 19 | 19.0
Air Magic      | 4 6 7 |  7.0

Action                   |  1- 3 |  4- 6 |  7- 9 | 10-12 | 13-15 | 16-18 | 19-21 | 22-24 | 25-27 || total
-------------------------+-------+-------+-------+-------+-------+-------+-------+-------+-------++-------
Melee: Mace              |    76 |    49 |       |       |       |       |       |       |       ||   125
       Flail             |       |    41 |       |       |       |       |       |       |       ||    41
       Battleaxe         |       |    59 |   337 |   468 |   881 |   253 |  1475 |  1336 |   630 ||  5439
       Headbutt          |       |     5 |    31 |    83 |   247 |   305 |   406 |   373 |   171 ||  1621
       War axe           |       |       |       |   117 |   382 |       |       |       |       ||   499
       Broad axe         |       |       |       |       |    24 |  1330 |       |       |       ||  1354
       Peck              |       |       |       |       |       |       |       |    79 |   172 ||   251
       Spear             |       |       |       |       |       |       |       |       |    23 ||    23
Throw: Tomahawk          |       |       |     8 |     3 |       |       |       |       |       ||    11
 Cast: Animate Skeleton  |       |       |    27 |    82 |    87 |    50 |    27 |    45 |    20 ||   338
       Regeneration      |       |       |       |    41 |    31 |    50 |     6 |    20 |    31 ||   179
       Spectral Weapon   |       |       |       |     6 |    75 |    43 |    15 |     5 |     1 ||   145
       Shroud of Golubri |       |       |       |       |    14 |     8 |     3 |       |       ||    25
       Summon Mana Viper |       |       |       |       |       |    55 |    31 |    21 |    35 ||   142
       Shadow Creatures  |       |       |       |       |       |       |    10 |    25 |    19 ||    54
       Aura of Abjuratio |       |       |       |       |       |       |     2 |     1 |     6 ||     9
       Deflect Missiles  |       |       |       |       |       |       |       |     7 |     4 ||    11
       Summon Hydra      |       |       |       |       |       |       |       |       |    11 ||    11
 Abil: Evoke Invisibilit |       |       |       |       |       |       |       |     6 |     9 ||    15
       Hurl Damnation    |       |       |       |       |       |       |       |       |     2 ||     2
Evoke: Wand              |       |       |     6 |     8 |    22 |    28 |     6 |     2 |     3 ||    75
       Phial of floods   |       |       |       |     1 |     4 |       |       |       |       ||     5
       Lightning rod     |       |       |       |     5 |     8 |       |       |       |       ||    13
       Sack of spiders   |       |       |       |       |       |       |       |       |     1 ||     1
  Use: Scroll            |       |     4 |     6 |    17 |    22 |    12 |     8 |    21 |     2 ||    92
       Potion            |       |     2 |       |     3 |    10 |     2 |     1 |     5 |     7 ||    30
 Stab: Confused          |     2 |       |       |       |     1 |     4 |     7 |     3 |     1 ||    18
       Sleeping          |     1 |       |       |       |     1 |       |       |       |       ||     2
       Distracted        |       |       |     1 |     7 |    11 |    18 |    13 |    24 |    10 ||    84
       Paralysed         |       |       |       |    10 |     5 |     2 |       |     2 |       ||    19
       Petrified         |       |       |       |       |     3 |       |       |     2 |       ||     5
       Invisible         |       |       |       |       |       |       |       |    49 |    34 ||    83
  Eat: Chunk             |     2 |     7 |    18 |    23 |    43 |    42 |    33 |    39 |    11 ||   218
       Ration            |       |       |     1 |     6 |     8 |    10 |     3 |     6 |    15 ||    49
Armor: Leather armour    |    31 |    47 |    80 |    94 |   192 |       |       |       |       ||   444
       Skin              |       |       |    20 |       |       |       |       |       |       ||    20
       Fire dragon scale |       |       |       |       |   326 |   892 |   677 |   790 |   292 ||  2977
Dodge: Dodged            |    42 |    89 |   194 |   369 |   774 |   782 |   693 |   701 |   278 ||  3922
       Deflected         |       |       |       |       |       |       |       |    17 |    22 ||    39
Block: Other             |    11 |    23 |   103 |   320 |   710 |   560 |   429 |   399 |   150 ||  2705
       Reflection        |       |       |     2 |    25 |    16 |       |       |       |       ||    43

Table legend:
 A = Non-vault XP
 B = Vault XP
 C = Vault XP percentage of total XP
 D = Non-vault monster count
 E = Vault monster count
 F = Vault count percentage of total count
                 A         B        C        D         E       F
            +---------+---------+-------+---------+---------+-------
      Total |  653909 |  735667 |  52.9 |    1417 |     901 |  38.9
            +---------+---------+-------+---------+---------+-------
        D:1 |      16 |       0 |   0.0 |       9 |       0 |   0.0
        D:2 |      96 |    1577 |  94.3 |      23 |       1 |   4.2
        D:3 |     114 |       0 |   0.0 |      14 |       0 |   0.0
        D:4 |     477 |     274 |  36.5 |      20 |      17 |  45.9
        D:5 |     786 |       0 |   0.0 |      19 |       0 |   0.0
        D:6 |     379 |     121 |  24.2 |      10 |       2 |  16.7
        D:7 |    1252 |     110 |   8.1 |      28 |       2 |   6.7
        D:8 |    1104 |       0 |   0.0 |      16 |       0 |   0.0
        D:9 |    1808 |       0 |   0.0 |      32 |       0 |   0.0
       D:10 |    1952 |     893 |  31.4 |      31 |      31 |  50.0
       D:11 |    1656 |    2725 |  62.2 |      29 |      17 |  37.0
       D:12 |    5386 |    1596 |  22.9 |      33 |       3 |   8.3
       D:13 |    9134 |    6492 |  41.5 |      40 |      23 |  36.5
       D:14 |    3439 |     855 |  19.9 |      16 |       2 |  11.1
       D:15 |    9970 |    1995 |  16.7 |      37 |       2 |   5.1
     Lair:1 |    4009 |     197 |   4.7 |      22 |       2 |   8.3
     Lair:2 |    1396 |    1791 |  56.2 |       7 |       5 |  41.7
     Lair:3 |    2901 |     808 |  21.8 |      14 |       4 |  22.2
     Lair:4 |    5310 |    1446 |  21.4 |      27 |       4 |  12.9
     Lair:5 |    3020 |    3668 |  54.8 |      19 |      17 |  47.2
     Lair:6 |   13734 |    7452 |  35.2 |      48 |      22 |  31.4
   Shoals:1 |    5361 |    7429 |  58.1 |      12 |      12 |  50.0
   Shoals:2 |   10835 |    1293 |  10.7 |      27 |       3 |  10.0
   Shoals:3 |   10026 |     930 |   8.5 |      25 |       1 |   3.8
   Shoals:4 |    5754 |   20972 |  78.5 |      15 |      33 |  68.8
   Spider:1 |    7819 |       0 |   0.0 |      23 |       0 |   0.0
   Spider:2 |    7339 |     437 |   5.6 |      24 |       1 |   4.0
   Spider:3 |    8177 |     962 |  10.5 |      29 |       1 |   3.3
   Spider:4 |    7636 |   24835 |  76.5 |      27 |      39 |  59.1
      Orc:1 |    2321 |     852 |  26.9 |      45 |       5 |  10.0
      Orc:2 |    3025 |   12365 |  80.3 |      23 |      81 |  77.9
      Elf:1 |   17403 |    5532 |  24.1 |      31 |       8 |  20.5
      Elf:2 |   15923 |   22198 |  58.2 |      35 |      32 |  47.8
      Elf:3 |   14800 |   34958 |  70.3 |      28 |      30 |  51.7
   Vaults:1 |   32495 |   39334 |  54.8 |      52 |      54 |  50.9
   Vaults:2 |   31084 |   13902 |  30.9 |      62 |      21 |  25.3
   Vaults:3 |   16071 |   14907 |  48.1 |      28 |      22 |  44.0
   Vaults:4 |   35029 |   33462 |  48.9 |      66 |      34 |  34.0
   Vaults:5 |   33411 |  157047 |  82.5 |      66 |     112 |  62.9
   Depths:1 |    9863 |    3230 |  24.7 |      12 |       3 |  20.0
   Depths:2 |    1534 |   87080 |  98.3 |       5 |      91 |  94.8
   Depths:3 |   36517 |   19007 |  34.2 |      58 |      13 |  18.3
   Depths:4 |   20173 |   33643 |  62.5 |      36 |      28 |  43.8
   Depths:5 |   25383 |   19157 |  43.0 |      23 |      14 |  37.8
      Zot:1 |   38764 |     476 |   1.2 |      27 |       1 |   3.6
      Zot:2 |   52030 |       0 |   0.0 |      34 |       0 |   0.0
      Zot:3 |   39017 |       0 |   0.0 |      26 |       0 |   0.0
      Zot:4 |   44940 |   40694 |  47.5 |      25 |      51 |  67.1
      Zot:5 |   45611 |  104268 |  69.6 |      28 |      36 |  56.2
    Ossuary |       0 |     148 | 100.0 |       0 |      16 | 100.0
     WizLab |    7629 |    4549 |  37.4 |      31 |       5 |  13.9
            +---------+---------+-------+---------+---------+-------
